Workbook
Name _Toc328556484: REAJUSTE!#REF!
Name matriz: [1]BDI!$Q$17:$V$21
Name matriz2: [1]BDI!$Q$23:$V$27
Name TESTE: [2]BDI!XEV:XEV*[2]BDI!XEW:XEW

Sheet ORÇAMENTO
B2: ORÇAMENTO | C2: EMPRESA:
B3: =PAVIM.!$G$2 -> PREFEITURA MUNICIPAL DE MARACAJÁ | C3: BAIRRO: VILA BEATRIZ | H3: =PAVIM.!$K$2 -> MUNICIPIO: MARACAJÁ | J3: =PAVIM.!$M$2 -> ESTADO: SANTA CATARINA
B4: PRAÇA DA FAMILIA | J4: =PAVIM.!$M$3 -> DATA: 08/10/26
A6: Nº do Item | B6: Descrição | C6: Unidade | D6: Quantidade | E6: Valor unitário sem BDI | F6: Código de Reajuste | G6: Valores | K6: Fonte | L6: Referência de Custo
G7: Unitário sem BDI | H7: BDI | I7: Unitário com BDI | J7: Contratado
A9: 1.1. | B9: ADMINISTRAÇÃO LOCAL
A10: 1.1.0.1. | B10: ADMINISTRAÇÃO LOCAL | C10: MÊS | D10: 12 | G10: 3413.87 | H10: 0.2398 | I10: =TRUNC(G10*(1+H10),2) -> 4232.51 | J10: =TRUNC(D10*I10,2) -> 50790.12 | K10: COMPOSIÇÃO | L10: COMP-01
A11: 1.2. | B11: SERVIÇOS PRELIMINARES
A12: 1.2.0.1. | B12: FORNECIMENTO E INSTALAÇÃO DE PLACA DE OBRA COM CHAPA GALVANIZADA E ESTRUTURA DE MADEIRA. AF_03/2022_PS | C12: M2 | D12: 2 | G12: 504.08 | H12: 0.2398 | I12: =TRUNC(G12*(1+H12),2) -> 624.95 | J12: =TRUNC(D12*I12,2) -> 1249.9 | K12: SINAPI | L12: 103689
A13: 1.2.0.2. | B13: LOCAÇÃO DE PRAÇAS EM PONTALETEAMENTO. AF_03/2024 | C13: UN | D13: 140 | G13: 52.65 | H13: 0.2398 | I13: =TRUNC(G13*(1+H13),2) -> 65.27 | J13: =TRUNC(D13*I13,2) -> 9137.8 | K13: SINAPI | L13: 105007
A14: 1.2.0.3. | B14: LIMPEZA MECANIZADA DE CAMADA VEGETAL, VEGETAÇÃO E PEQUENAS ÁRVORES (DIÂMETRO DE TRONCO MENOR QUE 0,20 M), COM TRATOR DE ESTEIRAS. AF_03/2024 | C14: M2 | D14: 11850 | G14: 0.75 | H14: 0.2398 | I14: =TRUNC(G14*(1+H14),2) -> 0.92 | J14: =TRUNC(D14*I14,2) -> 10902 | K14: SINAPI | L14: 98525
A15: 1.2.0.4. | B15: ENTRADA DE ENERGIA ELÉTRICA, AÉREA, TRIFÁSICA, COM CAIXA DE EMBUTIR, CABO DE 10 MM2 E DISJUNTOR DIN 50A (NÃO INCLUSO O POSTE DE CONCRETO). AF_12/2025 | C15: UN | D15: 1 | G15: 2346.42 | H15: 0.2398 | I15: =TRUNC(G15*(1+H15),2) -> 2909.09 | J15: =TRUNC(D15*I15,2) -> 2909.09 | K15: SINAPI | L15: 101509
A16: 1.2.0.5. | B16: POSTE DE CONCRETO ARMADO DE SECAO CIRCULAR, EXTENSAO DE 9,00 M, RESISTENCIA DE 200 A 300 DAN, TIPO C-14 | C16: UN | D16: 1 | G16: 1300 | H16: 0.2398 | I16: =TRUNC(G16*(1+H16),2) -> 1611.74 | J16: =TRUNC(D16*I16,2) -> 1611.74 | K16: SINAPI | L16: 5044
A17: 1.2.0.6. | B17: KIT CAVALETE PARA MEDIÇÃO DE ÁGUA - ENTRADA INDIVIDUALIZADA, EM PVC 25 MM (3/4"), PARA 1 MEDIDOR - FORNECIMENTO E INSTALAÇÃO (EXCLUSIVE HIDRÔMETRO). AF_03/2024 | C17: UN | D17: 1 | G17: 203.81 | H17: 0.2398 | I17: =TRUNC(G17*(1+H17),2) -> 252.68 | J17: =TRUNC(D17*I17,2) -> 252.68 | K17: SINAPI | L17: 97741
A18: 1.2.0.7. | B18: HIDRÔMETRO DN 3/4", 5,0 M3/H - FORNECIMENTO E INSTALAÇÃO. AF_03/2024 | C18: UN | D18: 1 | G18: 211.35 | H18: 0.2398 | I18: =TRUNC(G18*(1+H18),2) -> 262.03 | J18: =TRUNC(D18*I18,2) -> 262.03 | K18: SINAPI | L18: 95675
A19: 1.2.0.8. | B19: INSTALAÇÃO E DESINSTALAÇÃO MECANIZADA DE CONTÊINER OU MÓDULO HABITÁVEL DE USOS DIVERSOS. AF_03/2024 | C19: UN | D19: 1 | G19: 157.75 | H19: 0.2398 | I19: =TRUNC(G19*(1+H19),2) -> 195.57 | J19: =TRUNC(D19*I19,2) -> 195.57 | K19: SINAPI | L19: 105115
A20: 1.2.0.9. | B20: LOCACAO DE CONTAINER 2,30 X 6,00 M, ALT. 2,50 M, COM 1 SANITARIO, PARA ESCRITORIO, COMPLETO, SEM DIVISORIAS INTERNAS (NAO INCLUI MOBILIZACAO/DESMOBILIZACAO) | C20: MES | D20: 6 | G20: 6700 | H20: 0.2398 | I20: =TRUNC(G20*(1+H20),2) -> 8306.66 | J20: =TRUNC(D20*I20,2) -> 49839.96 | K20: SINAPI | L20: 10775
A21: 1.2.0.10. | B21: REGULARIZAÇÃO E COMPACTAÇÃO DE SUBLEITO DE SOLO PREDOMINANTEMENTE ARGILOSO, PARA OBRAS DE CONSTRUÇÃO DE PAVIMENTOS. AF_09/2024 | C21: M2 | D21: 11850 | G21: 3.23 | H21: 0.2398 | I21: =TRUNC(G21*(1+H21),2) -> 4 | J21: =TRUNC(D21*I21,2) -> 47400 | K21: SINAPI | L21: 100576
A22: 1.3. | B22: CERCAMENTO
A23: 1.3.0.1. | B23: ESTACA ESCAVADA MECANICAMENTE, SEM FLUIDO ESTABILIZANTE, COM 25 CM DE DIÂMETRO, PERFURATRIZ MONTADA SOBRE CAMINHÃO E CONCRETO FCK 25 MPA LANÇADO POR CAMINHÃO BETONEIRA (EXCLUSIVE MOBILIZAÇÃO E DESMOBILIZAÇÃO). AF_05/2026 | C23: M | D23: 174 | G23: 67.27 | H23: 0.2398 | I23: =TRUNC(G23*(1+H23),2) -> 83.4 | J23: =TRUNC(D23*I23,2) -> 14511.6 | K23: SINAPI | L23: 100896
A24: 1.3.0.2. | B24: CONCRETAGEM DE BLOCO DE COROAMENTO OU VIGA BALDRAME, FCK 30 MPA, COM USO DE JERICA - LANÇAMENTO, ADENSAMENTO E ACABAMENTO. AF_01/2024 | C24: M3 | D24: 43 | G24: 918.36 | H24: 0.2398 | I24: =TRUNC(G24*(1+H24),2) -> 1138.58 | J24: =TRUNC(D24*I24,2) -> 48958.94 | K24: SINAPI | L24: 96555
A25: 1.3.0.3. | B25: ARMAÇÃO DE PILAR OU VIGA DE ESTRUTURA CONVENCIONAL DE CONCRETO ARMADO UTILIZANDO AÇO CA-60 DE 5,0 MM - MONTAGEM. AF_06/2022 | C25: KG | D25: 430.43 | G25: 15.56 | H25: 0.2398 | I25: =TRUNC(G25*(1+H25),2) -> 19.29 | J25: =TRUNC(D25*I25,2) -> 8302.99 | K25: SINAPI | L25: 92759
A26: 1.3.0.4. | B26: ARMAÇÃO DE PILAR OU VIGA DE ESTRUTURA CONVENCIONAL DE CONCRETO ARMADO UTILIZANDO AÇO CA-50 DE 10,0 MM - MONTAGEM. AF_06/2022 | C26: KG | D26: 1592 | G26: 11.17 | H26: 0.2398 | I26: =TRUNC(G26*(1+H26),2) -> 13.84 | J26: =TRUNC(D26*I26,2) -> 22033.28 | K26: SINAPI | L26: 92762
A27: 1.3.0.5. | B27: FABRICAÇÃO, MONTAGEM E DESMONTAGEM DE FÔRMA PARA VIGA BALDRAME, EM MADEIRA SERRADA, E=25 MM, 4 UTILIZAÇÕES. AF_01/2024 | C27: M2 | D27: 430 | G27: 81.68 | H27: 0.2398 | I27: =TRUNC(G27*(1+H27),2) -> 101.26 | J27: =TRUNC(D27*I27,2) -> 43541.8 | K27: SINAPI | L27: 96536
A28: 1.3.0.6. | B28: SERRALHEIRO COM ENCARGOS COMPLEMENTARES | C28: H | D28: 260 | G28: 37.79 | H28: 0.2398 | I28: =TRUNC(G28*(1+H28),2) -> 46.85 | J28: =TRUNC(D28*I28,2) -> 12181 | K28: SINAPI | L28: 88315
A29: 1.3.0.7. | B29: POSTE VERDE APARAFUSAR RETANGULAR - 60X80 X 2,25MM 2,08M | C29: UN | D29: 173 | G29: 536.35 | H29: 0.2398 | I29: =TRUNC(G29*(1+H29),2) -> 664.96 | J29: =TRUNC(D29*I29,2) -> 115038.08 | K29: COTAÇÃO | L29: COT-01
A30: 1.3.0.8. | B30: FIXADORES POLIAMIDA COM PARAFUSO SECURIFOR VERDE | C30: UN | D30: 1211 | G30: 14.04 | H30: 0.2398 | I30: =TRUNC(G30*(1+H30),2) -> 17.4 | J30: =TRUNC(D30*I30,2) -> 21071.4 | K30: COTAÇÃO | L30: COT-02
A31: 1.3.0.9. | B31: TAMPAS POLIAMIDA PARA POSTE VERDE 60X80 | C31: UN | D31: 173 | G31: 8.5 | H31: 0.2398 | I31: =TRUNC(G31*(1+H31),2) -> 10.53 | J31: =TRUNC(D31*I31,2) -> 1821.69 | K31: COTAÇÃO | L31: COT-03
A32: 1.3.0.10. | B32: PARABOLT PARAFUSO CHUMBADOR P/ POSTE - 3/8 X 3.3/4 | C32: UN | D32: 692 | G32: 8.6 | H32: 0.2398 | I32: =TRUNC(G32*(1+H32),2) -> 10.66 | J32: =TRUNC(D32*I32,2) -> 7376.72 | K32: COTAÇÃO | L32: COT-04
A33: 1.3.0.11. | B33: GRADIL VERDE FIO 4,10MM MALHA 5X20CM ALTURA 2,03M MÓDULO 2,50M | C33: UN | D33: 172 | G33: 1856.1 | H33: 0.2398 | I33: =TRUNC(G33*(1+H33),2) -> 2301.19 | J33: =TRUNC(D33*I33,2) -> 395804.68 | K33: COTAÇÃO | L33: COT-05
A34: 1.4. | B34: PISTA DE CAMINHADA E CICLOVIA
A35: 1.4.0.1. | B35: CAMADA SEPARADORA PARA EXECUÇÃO DE RADIER, PISO DE CONCRETO OU LAJE SOBRE SOLO, EM LONA PLÁSTICA. AF_07/2026 | C35: M2 | D35: 1612 | G35: 3.09 | H35: 0.2398 | I35: =TRUNC(G35*(1+H35),2) -> 3.83 | J35: =TRUNC(D35*I35,2) -> 6173.96 | K35: SINAPI | L35: 97087
A36: 1.4.0.2. | B36: LASTRO COM MATERIAL GRANULAR (PEDRA BRITADA N.1 E PEDRA BRITADA N.2), APLICADO EM PISOS OU LAJES SOBRE SOLO, ESPESSURA DE *10 CM*. AF_01/2024 | C36: M3 | D36: 161.2 | G36: 235.51 | H36: 0.2398 | I36: =TRUNC(G36*(1+H36),2) -> 291.98 | J36: =TRUNC(D36*I36,2) -> 47067.17 | K36: SINAPI | L36: 100324
A37: 1.4.0.3. | B37: EXECUÇÃO DE PASSEIO (CALÇADA) OU PISO DE CONCRETO COM CONCRETO MOLDADO IN LOCO, FEITO EM OBRA, ACABAMENTO CONVENCIONAL, ESPESSURA 8 CM, ARMADO. AF_08/2022 | C37: M2 | D37: 1612 | G37: 108.55 | H37: 0.2398 | I37: =TRUNC(G37*(1+H37),2) -> 134.58 | J37: =TRUNC(D37*I37,2) -> 216942.96 | K37: SINAPI | L37: 94994
A38: 1.4.0.4. | B38: PREPARO DO PISO CIMENTADO PARA PINTURA - LIXAMENTO E LIMPEZA. AF_05/2021 | C38: M2 | D38: 1612 | G38: 4.85 | H38: 0.2398 | I38: =TRUNC(G38*(1+H38),2) -> 6.01 | J38: =TRUNC(D38*I38,2) -> 9688.12 | K38: SINAPI | L38: 102488
A39: 1.4.0.5. | B39: PINTURA DE PISO COM TINTA ACRÍLICA, APLICAÇÃO MANUAL, 3 DEMÃOS, INCLUSO FUNDO PREPARADOR. AF_05/2021 | C39: M2 | D39: 1612 | G39: 29.79 | H39: 0.2398 | I39: =TRUNC(G39*(1+H39),2) -> 36.93 | J39: =TRUNC(D39*I39,2) -> 59531.16 | K39: SINAPI | L39: 102492
A40: 1.5. | B40: DRENAGEM
A41: 1.5.0.1. | B41: ESCAVAÇÃO MECANIZADA DE VALA COM PROF. ATÉ 1,5 M (MÉDIA MONTANTE E JUSANTE/UMA COMPOSIÇÃO POR TRECHO), ESCAVADEIRA (0,8 M3),LARG. MENOR QUE 1,5 M, EM SOLO DE 1A CATEGORIA, LOCAIS COM BAIXO NÍVEL DE INTERFERÊNCIA. AF_09/2024 | C41: M3 | D41: 585 | G41: 7.36 | H41: 0.2398 | I41: =TRUNC(G41*(1+H41),2) -> 9.12 | J41: =TRUNC(D41*I41,2) -> 5335.2 | K41: SINAPI | L41: 102279
A42: 1.5.0.2. | B42: TUBO DE CONCRETO (SIMPLES) PARA REDES COLETORAS DE ÁGUAS PLUVIAIS, DIÂMETRO DE 300 MM, JUNTA RÍGIDA, INSTALADO EM LOCAL COM BAIXO NÍVEL DE INTERFERÊNCIAS - FORNECIMENTO E ASSENTAMENTO. AF_03/2024 | C42: M | D42: 390 | G42: 77.32 | H42: 0.2398 | I42: =TRUNC(G42*(1+H42),2) -> 95.86 | J42: =TRUNC(D42*I42,2) -> 37385.4 | K42: SINAPI | L42: 95567
A43: 1.5.0.3. | B43: REATERRO MECANIZADO DE VALA COM ESCAVADEIRA HIDRÁULICA (CAPACIDADE DA CAÇAMBA: 0,8 M³/POTÊNCIA: 111 HP), LARGURA DE 1,5 A 2,5 M, PROFUNDIDADE ATÉ 1,5 M, COM SOLO (SEM SUBSTITUIÇÃO) DE 1ª CATEGORIA, COM PLACA VIBRATÓRIA. AF_08/2023 | C43: M3 | D43: 585 | G43: 21.09 | H43: 0.2398 | I43: =TRUNC(G43*(1+H43),2) -> 26.14 | J43: =TRUNC(D43*I43,2) -> 15291.9 | K43: SINAPI | L43: 104728
A44: 1.5.0.4. | B44: CAIXA COM GRELHA RETANGULAR DE FERRO FUNDIDO, EM ALVENARIA COM BLOCOS DE CONCRETO, DIMENSÕES INTERNAS: 0,30 X 1,00 X 1,00. AF_12/2020 | C44: UN | D44: 17 | G44: 1241.63 | H44: 0.2398 | I44: =TRUNC(G44*(1+H44),2) -> 1539.37 | J44: =TRUNC(D44*I44,2) -> 26169.29 | K44: SINAPI | L44: 101801
A45: 1.6. | B45: PAVIMENTAÇÃO
A46: 1.6.0.1. | B46: EXECUÇÃO DE PAVIMENTO EM PISO INTERTRAVADO, COM BLOCO RETANGULAR COLORIDO DE 20 X 10 CM, ESPESSURA 8 CM. AF_10/2022 | C46: M2 | D46: 1750 | G46: 109.49 | H46: 0.2398 | I46: =TRUNC(G46*(1+H46),2) -> 135.74 | J46: =TRUNC(D46*I46,2) -> 237545 | K46: SINAPI | L46: 93681
A47: 1.6.0.2. | B47: EXECUÇÃO DE PAVIMENTO EM PISO INTERTRAVADO, COM BLOCO RETANGULAR COR NATURAL DE 20 X 10 CM, ESPESSURA 6 CM. AF_10/2022 | C47: M2 | D47: 3000 | G47: 77.61 | H47: 0.2398 | I47: =TRUNC(G47*(1+H47),2) -> 96.22 | J47: =TRUNC(D47*I47,2) -> 288660 | K47: SINAPI | L47: 92397
A48: 1.6.0.3. | B48: ASSENTAMENTO DE GUIA (MEIO-FIO) EM TRECHO CURVO, CONFECCIONADA EM CONCRETO PRÉ-FABRICADO, DIMENSÕES 100X15X13X30 CM (COMPRIMENTO X BASE INFERIOR X BASE SUPERIOR X ALTURA). AF_01/2024 | C48: M | D48: 600 | G48: 53.45 | H48: 0.2398 | I48: =TRUNC(G48*(1+H48),2) -> 66.26 | J48: =TRUNC(D48*I48,2) -> 39756 | K48: SINAPI | L48: 94274
A49: 1.6.0.4. | B49: ASSENTAMENTO DE GUIA (MEIO-FIO) EM TRECHO RETO, CONFECCIONADA EM CONCRETO PRÉ-FABRICADO, DIMENSÕES 100X15X13X30 CM (COMPRIMENTO X BASE INFERIOR X BASE SUPERIOR X ALTURA). AF_01/2024 | C49: M | D49: 550 | G49: 49.72 | H49: 0.2398 | I49: =TRUNC(G49*(1+H49),2) -> 61.64 | J49: =TRUNC(D49*I49,2) -> 33902 | K49: SINAPI | L49: 94273
A50: 1.7. | B50: CANTEIROS
A51: 1.7.0.1. | B51: EXECUÇÃO E COMPACTAÇÃO DE CORPO DE ATERRO (95% DE ENERGIA DO PROCTOR NORMAL) COM SOLO PREDOMINANTEMENTE ARENOSO, EM CAMADAS COM ESPESSURA DE 20 CM - EXCLUSIVE ESCAVAÇÃO, CARGA E TRANSPORTE E SOLO. AF_09/2024 | C51: M3 | D51: 300 | G51: 6.86 | H51: 0.2398 | I51: =TRUNC(G51*(1+H51),2) -> 8.5 | J51: =TRUNC(D51*I51,2) -> 2550 | K51: SINAPI | L51: 105564
A52: 1.7.0.2. | B52: TRANSPORTE COM CAMINHÃO BASCULANTE DE 14 M³, EM VIA URBANA PAVIMENTADA, DMT ATÉ 30 KM (UNIDADE: M3XKM). AF_02/2026 | C52: M3XKM | D52: 3000 | G52: 2.49 | H52: 0.2398 | I52: =TRUNC(G52*(1+H52),2) -> 3.08 | J52: =TRUNC(D52*I52,2) -> 9240 | K52: SINAPI | L52: 95876
A53: 1.7.0.3. | B53: PLANTIO DE GRAMA ESMERALDA OU SÃO CARLOS OU CURITIBANA, EM PLACAS. AF_07/2024 | C53: M2 | D53: 3000 | G53: 23.64 | H53: 0.2398 | I53: =TRUNC(G53*(1+H53),2) -> 29.3 | J53: =TRUNC(D53*I53,2) -> 87900 | K53: SINAPI | L53: 103946
A54: 1.8. | B54: INSTALAÇÕES ELÉTRICAS
A55: 1.8.0.1. | B55: CAIXA ENTERRADA ELÉTRICA RETANGULAR, EM CONCRETO PRÉ-MOLDADO, FUNDO COM BRITA, DIMENSÕES INTERNAS: 0,3X0,3X0,3 M. AF_12/2020 | C55: UN | D55: 30 | G55: 161.12 | H55: 0.2398 | I55: =TRUNC(G55*(1+H55),2) -> 199.75 | J55: =TRUNC(D55*I55,2) -> 5992.5 | K55: SINAPI | L55: 97881
A56: 1.8.0.2. | B56: POSTE DE AÇO CÔNICO CONTÍNUO CURVO DUPLO, ENGASTAMENTO SIMPLES COM 1 M DE SOLO, H=9M - FORNECIMENTO E INSTALAÇÃO. AF_04/2025 | C56: UN | D56: 30 | E56: 39.43 | F56: SH | G56: 2447.73 | H56: 0.2398 | I56: =TRUNC(G56*(1+H56),2) -> 3034.69 | J56: =TRUNC(D56*I56,2) -> 91040.7 | K56: SINAPI | L56: 100623
A57: 1.8.0.3. | B57: CABO DE COBRE FLEXÍVEL ISOLADO, 2,5 MM², ANTI-CHAMA 0,6/1,0 KV, PARA CIRCUITOS TERMINAIS - FORNECIMENTO E INSTALAÇÃO. AF_03/2023 | C57: M | D57: 1800 | E57: 250.45 | F57: SV | G57: 6.32 | H57: 0.2398 | I57: =TRUNC(G57*(1+H57),2) -> 7.83 | J57: =TRUNC(D57*I57,2) -> 14094 | K57: SINAPI | L57: 91927
A58: 1.8.0.4. | B58: ELETRODUTO FLEXÍVEL CORRUGADO, PEAD, DN 50 (1 1/2"), PARA REDE ENTERRADA DE DISTRIBUIÇÃO DE ENERGIA ELÉTRICA - FORNECIMENTO E INSTALAÇÃO. AF_12/2021 | C58: M | D58: 600 | E58: 413.92 | F58: SV | G58: 8.94 | H58: 0.2398 | I58: =TRUNC(G58*(1+H58),2) -> 11.08 | J58: =TRUNC(D58*I58,2) -> 6648 | K58: SINAPI | L58: 97667
A59: 1.8.0.5. | B59: LUMINÁRIA DE LED PARA ILUMINAÇÃO PÚBLICA, DE 138 W ATÉ 180 W - FORNECIMENTO E INSTALAÇÃO. AF_02/2025_PS | C59: UN | D59: 60 | E59: 234.94 | F59: SV | G59: 511.58 | H59: 0.2398 | I59: =TRUNC(G59*(1+H59),2) -> 634.25 | J59: =TRUNC(D59*I59,2) -> 38055 | K59: SINAPI | L59: 101658
A60: 1.8.0.6. | B60: RELÉ FOTOELÉTRICO PARA COMANDO DE ILUMINAÇÃO EXTERNA 1000 W - FORNECIMENTO E INSTALAÇÃO. AF_02/2025 | C60: UN | D60: 30 | E60: 461.07 | F60: SV | G60: 28.48 | H60: 0.2398 | I60: =TRUNC(G60*(1+H60),2) -> 35.3 | J60: =TRUNC(D60*I60,2) -> 1059 | K60: SINAPI | L60: 101632
A61: 1.9. | B61: INSTALAÇÕES DE ÁGUA FRIA
A62: 1.9.0.1. | B62: RESERVATÓRIO METÁLICO, TIPO TAÇA COM ÁGUA NA COLUNA E CAPACIDADE IGUAL A 10.000 L - FORNECIMENTO E INSTALAÇÃO. AF_12/2025 | C62: UN | D62: 1 | E62: 102.43 | F62: SV | G62: 20000 | H62: 0.2398 | I62: =TRUNC(G62*(1+H62),2) -> 24796 | J62: =TRUNC(D62*I62,2) -> 24796 | K62: SINAPI | L62: 106433
A63: 1.9.0.2. | B63: TUBO, PVC, SOLDÁVEL, DE 25MM, INSTALADO EM RAMAL OU SUB-RAMAL DE ÁGUA - FORNECIMENTO E INSTALAÇÃO. AF_06/2022 | C63: M | D63: 200 | G63: 30.51 | H63: 0.2398 | I63: =TRUNC(G63*(1+H63),2) -> 37.82 | J63: =TRUNC(D63*I63,2) -> 7564 | K63: SINAPI | L63: 89356
A64: 1.9.0.3. | B64: JOELHO 90 GRAUS, PVC, SOLDÁVEL, DN 25MM, INSTALADO EM RAMAL OU SUB-RAMAL DE ÁGUA - FORNECIMENTO E INSTALAÇÃO. AF_06/2022 | C64: UN | D64: 4 | G64: 12.47 | H64: 0.2398 | I64: =TRUNC(G64*(1+H64),2) -> 15.46 | J64: =TRUNC(D64*I64,2) -> 61.84 | K64: SINAPI | L64: 89362
A65: 1.9.0.4. | B65: JOELHO 90 GRAUS COM BUCHA DE LATÃO, PVC, SOLDÁVEL, DN 25MM, X 3/4 INSTALADO EM RAMAL OU SUB-RAMAL DE ÁGUA - FORNECIMENTO E INSTALAÇÃO. AF_06/2022 | C65: UN | D65: 5 | G65: 18.93 | H65: 0.2398 | I65: =TRUNC(G65*(1+H65),2) -> 23.46 | J65: =TRUNC(D65*I65,2) -> 117.3 | K65: SINAPI | L65: 89366
A66: 1.9.0.5. | B66: TE, PVC, SOLDÁVEL, DN 25MM, INSTALADO EM RAMAL OU SUB-RAMAL DE ÁGUA - FORNECIMENTO E INSTALAÇÃO. AF_06/2022 | C66: UN | D66: 4 | G66: 17.1 | H66: 0.2398 | I66: =TRUNC(G66*(1+H66),2) -> 21.2 | J66: =TRUNC(D66*I66,2) -> 84.8 | K66: SINAPI | L66: 89395
A67: 1.9.0.6. | B67: LUVA, PVC, SOLDÁVEL, DN 25MM, INSTALADO EM RAMAL OU SUB-RAMAL DE ÁGUA - FORNECIMENTO E INSTALAÇÃO. AF_06/2022 | C67: UN | D67: 20 | G67: 9.1 | H67: 0.2398 | I67: =TRUNC(G67*(1+H67),2) -> 11.28 | J67: =TRUNC(D67*I67,2) -> 225.6 | K67: SINAPI | L67: 89378
A68: 1.9.0.7. | B68: TORNEIRA CROMADA 1/2" OU 3/4" PARA TANQUE, PADRÃO MÉDIO - FORNECIMENTO E INSTALAÇÃO. AF_02/2026 | C68: UN | D68: 3 | G68: 138.15 | H68: 0.2398 | I68: =TRUNC(G68*(1+H68),2) -> 171.27 | J68: =TRUNC(D68*I68,2) -> 513.81 | K68: SINAPI | L68: 86914
A69: 1.10. | B69: BANHEIROS
A70: 1.10.1. | B70: SERVIÇOS PRELIMINARES
A71: 1.10.1.1. | B71: LOCAÇÃO CONVENCIONAL DE OBRA, UTILIZANDO GABARITO DE TÁBUAS CORRIDAS PONTALETADAS A CADA 2,00M - 2 UTILIZAÇÕES. AF_03/2024 | C71: M | D71: 31.2 | G71: 94.72 | H71: 0.2354 | I71: =TRUNC(G71*(1+H71),2) -> 117.01 | J71: =TRUNC(D71*I71,2) -> 3650.71 | K71: SINAPI | L71: 99059
A72: 1.10.2. | B72: INFRAESTRUTURA
A73: 1.10.2.1. | B73: ESTACA ESCAVADA MECANICAMENTE, SEM FLUIDO ESTABILIZANTE, COM 25 CM DE DIÂMETRO, PERFURATRIZ MONTADA SOBRE CAMINHÃO E CONCRETO FCK 25 MPA LANÇADO POR CAMINHÃO BETONEIRA (EXCLUSIVE ARMADURA, MOBILIZAÇÃO E DESMOBILIZAÇÃO). AF_05/2026 | C73: M | D73: 27 | G73: 58.7 | H73: 0.2354 | I73: =TRUNC(G73*(1+H73),2) -> 72.51 | J73: =TRUNC(D73*I73,2) -> 1957.77 | K73: SINAPI | L73: 107107
A74: 1.10.2.2. | B74: MONTAGEM DE ARMADURA DE ESTACAS, DIÂMETRO = 10,0 MM. AF_09/2021_PS | C74: KG | D74: 66.64 | G74: 10.72 | H74: 0.2354 | I74: =TRUNC(G74*(1+H74),2) -> 13.24 | J74: =TRUNC(D74*I74,2) -> 882.31 | K74: SINAPI | L74: 95577
A75: 1.10.2.3. | B75: MONTAGEM DE ARMADURA TRANSVERSAL DE ESTACAS DE SEÇÃO CIRCULAR, DIÂMETRO = 5,0 MM. AF_09/2021_PS | C75: KG | D75: 19.4 | G75: 18.13 | H75: 0.2354 | I75: =TRUNC(G75*(1+H75),2) -> 22.39 | J75: =TRUNC(D75*I75,2) -> 434.36 | K75: SINAPI | L75: 95583
A76: 1.10.2.4. | B76: FABRICAÇÃO, MONTAGEM E DESMONTAGEM DE FÔRMA PARA VIGA BALDRAME, EM MADEIRA SERRADA, E=25 MM, 4 UTILIZAÇÕES. AF_01/2024 | C76: M2 | D76: 19.2 | G76: 81.68 | H76: 0.2354 | I76: =TRUNC(G76*(1+H76),2) -> 100.9 | J76: =TRUNC(D76*I76,2) -> 1937.28 | K76: SINAPI | L76: 96536
A77: 1.10.2.5. | B77: ARMAÇÃO DE SAPATA ISOLADA, VIGA BALDRAME E SAPATA CORRIDA UTILIZANDO AÇO CA-60 DE 5 MM - MONTAGEM. AF_01/2024 | C77: KG | D77: 23.1 | G77: 19.11 | H77: 0.2354 | I77: =TRUNC(G77*(1+H77),2) -> 23.6 | J77: =TRUNC(D77*I77,2) -> 545.16 | K77: SINAPI | L77: 104916
A78: 1.10.2.6. | B78: ARMAÇÃO DE SAPATA ISOLADA, VIGA BALDRAME E SAPATA CORRIDA UTILIZANDO AÇO CA-50 DE 10 MM - MONTAGEM. AF_01/2024 | C78: KG | D78: 39.5 | G78: 13.46 | H78: 0.2354 | I78: =TRUNC(G78*(1+H78),2) -> 16.62 | J78: =TRUNC(D78*I78,2) -> 656.49 | K78: SINAPI | L78: 104919
A79: 1.10.2.7. | B79: ARMAÇÃO DE SAPATA ISOLADA, VIGA BALDRAME E SAPATA CORRIDA UTILIZANDO AÇO CA-50 DE 8 MM - MONTAGEM. AF_01/2024 | C79: KG | D79: 25.28 | G79: 15.33 | H79: 0.2354 | I79: =TRUNC(G79*(1+H79),2) -> 18.93 | J79: =TRUNC(D79*I79,2) -> 478.55 | K79: SINAPI | L79: 104918
A80: 1.10.2.8. | B80: CONCRETAGEM DE BLOCO DE COROAMENTO OU VIGA BALDRAME, FCK 30 MPA, COM USO DE BOMBA - LANÇAMENTO, ADENSAMENTO E ACABAMENTO. AF_01/2024 | C80: M3 | D80: 1.35 | G80: 896.62 | H80: 0.2354 | I80: =TRUNC(G80*(1+H80),2) -> 1107.68 | J80: =TRUNC(D80*I80,2) -> 1495.36 | K80: SINAPI | L80: 96557
A81: 1.10.2.9. | B81: IMPERMEABILIZAÇÃO DE SUPERFÍCIE COM EMULSÃO ASFÁLTICA, 2 DEMÃOS. AF_09/2023 | C81: M2 | D81: 23.68 | G81: 49.97 | H81: 0.2354 | I81: =TRUNC(G81*(1+H81),2) -> 61.73 | J81: =TRUNC(D81*I81,2) -> 1461.76 | K81: SINAPI | L81: 98557
A82: 1.10.3. | B82: PISO
A83: 1.10.3.1. | B83: EXECUÇÃO E COMPACTAÇÃO DE CORPO DE ATERRO (95% DE ENERGIA DO PROCTOR NORMAL) COM SOLO PREDOMINANTEMENTE ARENOSO, EM CAMADAS COM ESPESSURA DE 20 CM - EXCLUSIVE ESCAVAÇÃO, CARGA E TRANSPORTE E SOLO. AF_09/2024 | C83: M3 | D83: 10.26 | G83: 6.86 | H83: 0.2354 | I83: =TRUNC(G83*(1+H83),2) -> 8.47 | J83: =TRUNC(D83*I83,2) -> 86.9 | K83: SINAPI | L83: 105564
A84: 1.10.3.2. | B84: TRANSPORTE COM CAMINHÃO BASCULANTE DE 14 M³, EM VIA URBANA PAVIMENTADA, DMT ATÉ 30 KM (UNIDADE: M3XKM). AF_02/2026 | C84: M3XKM | D84: 102.6 | G84: 2.49 | H84: 0.2354 | I84: =TRUNC(G84*(1+H84),2) -> 3.07 | J84: =TRUNC(D84*I84,2) -> 314.98 | K84: SINAPI | L84: 95876
A85: 1.10.3.3. | B85: CAMADA SEPARADORA PARA EXECUÇÃO DE RADIER, PISO DE CONCRETO OU LAJE SOBRE SOLO, EM LONA PLÁSTICA. AF_07/2026 | C85: M2 | D85: 51.3 | G85: 3.09 | H85: 0.2354 | I85: =TRUNC(G85*(1+H85),2) -> 3.81 | J85: =TRUNC(D85*I85,2) -> 195.45 | K85: SINAPI | L85: 97087
A86: 1.10.3.4. | B86: LASTRO COM MATERIAL GRANULAR (PEDRA BRITADA N.1 E PEDRA BRITADA N.2), APLICADO EM PISOS OU LAJES SOBRE SOLO, ESPESSURA DE *10 CM*. AF_01/2024 | C86: M3 | D86: 10.26 | G86: 235.51 | H86: 0.2354 | I86: =TRUNC(G86*(1+H86),2) -> 290.94 | J86: =TRUNC(D86*I86,2) -> 2985.04 | K86: SINAPI | L86: 100324
A87: 1.10.3.5. | B87: EXECUÇÃO DE PASSEIO (CALÇADA) OU PISO DE CONCRETO COM CONCRETO MOLDADO IN LOCO, USINADO, ACABAMENTO CONVENCIONAL, ESPESSURA 6 CM, ARMADO. AF_08/2022 | C87: M2 | D87: 51.3 | G87: 83.52 | H87: 0.2354 | I87: =TRUNC(G87*(1+H87),2) -> 103.18 | J87: =TRUNC(D87*I87,2) -> 5293.13 | K87: SINAPI | L87: 94993
A88: 1.10.4. | B88: SUPERESTRUTURA
A89: 1.10.4.1. | B89: ARMAÇÃO DE PILAR OU VIGA DE ESTRUTURA CONVENCIONAL DE CONCRETO ARMADO UTILIZANDO AÇO CA-60 DE 5,0 MM - MONTAGEM. AF_06/2022 | C89: KG | D89: 19.41 | G89: 15.56 | H89: 0.2354 | I89: =TRUNC(G89*(1+H89),2) -> 19.22 | J89: =TRUNC(D89*I89,2) -> 373.06 | K89: SINAPI | L89: 92759
A90: 1.10.4.2. | B90: ARMAÇÃO DE PILAR OU VIGA DE ESTRUTURA CONVENCIONAL DE CONCRETO ARMADO UTILIZANDO AÇO CA-50 DE 10,0 MM - MONTAGEM. AF_06/2022 | C90: KG | D90: 66.64 | G90: 11.17 | H90: 0.2354 | I90: =TRUNC(G90*(1+H90),2) -> 13.79 | J90: =TRUNC(D90*I90,2) -> 918.96 | K90: SINAPI | L90: 92762
A91: 1.10.4.3. | B91: FABRICAÇÃO DE FÔRMA PARA PILARES E ESTRUTURAS SIMILARES, EM MADEIRA SERRADA, E=25 MM. AF_09/2020 | C91: M2 | D91: 23.76 | G91: 127.8 | H91: 0.2354 | I91: =TRUNC(G91*(1+H91),2) -> 157.88 | J91: =TRUNC(D91*I91,2) -> 3751.22 | K91: SINAPI | L91: 92269
A92: 1.10.4.4. | B92: CONCRETAGEM DE PILARES, FCK = 25 MPA, COM USO DE BOMBA - LANÇAMENTO, ADENSAMENTO E ACABAMENTO. AF_02/2022_PS | C92: M3 | D92: 1.13 | G92: 812.22 | H92: 0.2354 | I92: =TRUNC(G92*(1+H92),2) -> 1003.41 | J92: =TRUNC(D92*I92,2) -> 1133.85 | K92: SINAPI | L92: 103672
A93: 1.10.4.5. | B93: ARMAÇÃO DE PILAR OU VIGA DE ESTRUTURA CONVENCIONAL DE CONCRETO ARMADO UTILIZANDO AÇO CA-50 DE 8,0 MM - MONTAGEM. AF_06/2022 | C93: KG | D93: 50.56 | G93: 12.76 | H93: 0.2354 | I93: =TRUNC(G93*(1+H93),2) -> 15.76 | J93: =TRUNC(D93*I93,2) -> 796.82 | K93: SINAPI | L93: 92761
A94: 1.10.4.6. | B94: FABRICAÇÃO DE FÔRMA PARA VIGAS, EM CHAPA DE MADEIRA COMPENSADA RESINADA, E = 17 MM. AF_09/2020 | C94: M2 | D94: 23.68 | G94: 137.5 | H94: 0.2354 | I94: =TRUNC(G94*(1+H94),2) -> 169.86 | J94: =TRUNC(D94*I94,2) -> 4022.28 | K94: SINAPI | L94: 92265
A95: 1.10.4.7. | B95: CONCRETAGEM DE VIGAS E LAJES, FCK=25 MPA, PARA LAJES MACIÇAS OU NERVURADAS COM USO DE BOMBA - LANÇAMENTO, ADENSAMENTO E ACABAMENTO. AF_02/2022_PS | C95: M3 | D95: 1.34 | G95: 813.8 | H95: 0.2354 | I95: =TRUNC(G95*(1+H95),2) -> 1005.36 | J95: =TRUNC(D95*I95,2) -> 1347.18 | K95: SINAPI | L95: 103675
A96: 1.10.5. | B96: ALVENARIA E DIVISÓRIAS
A97: 1.10.5.1. | B97: ALVENARIA DE VEDAÇÃO DE BLOCOS CERÂMICOS FURADOS NA HORIZONTAL DE 11,5X19X29 CM (ESPESSURA 11,5 CM) E ARGAMASSA DE ASSENTAMENTO COM PREPARO EM BETONEIRA. AF_12/2021 | C97: M2 | D97: 110 | G97: 92.15 | H97: 0.2354 | I97: =TRUNC(G97*(1+H97),2) -> 113.84 | J97: =TRUNC(D97*I97,2) -> 12522.4 | K97: SINAPI | L97: 103358
A98: 1.10.5.2. | B98: VERGA MOLDADA IN LOCO EM CONCRETO, ESPESSURA DE *10* CM. AF_03/2024 | C98: M | D98: 6 | G98: 72.91 | H98: 0.2354 | I98: =TRUNC(G98*(1+H98),2) -> 90.07 | J98: =TRUNC(D98*I98,2) -> 540.42 | K98: SINAPI | L98: 105024
A99: 1.10.5.3. | B99: CONTRAVERGA MOLDADA IN LOCO EM CONCRETO, ESPESSURA DE *10* CM. AF_03/2024 | C99: M | D99: 3 | G99: 56.69 | H99: 0.2354 | I99: =TRUNC(G99*(1+H99),2) -> 70.03 | J99: =TRUNC(D99*I99,2) -> 210.09 | K99: SINAPI | L99: 105030
A100: 1.10.5.4. | B100: DIVISORIA SANITÁRIA, EM GRANITO CINZA POLIDO, ESP = 3CM, ASSENTADO COM ARGAMASSA COLANTE AC III-E. AF_10/2025 | C100: M2 | D100: 23.76 | G100: 1088.73 | H100: 0.2354 | I100: =TRUNC(G100*(1+H100),2) -> 1345.01 | J100: =TRUNC(D100*I100,2) -> 31957.43 | K100: SINAPI | L100: 102253
A101: 1.10.6. | B101: COBERTURA
A102: 1.10.6.1. | B102: LAJE PRÉ-MOLDADA UNIDIRECIONAL, BIAPOIADA, PARA FORRO, ENCHIMENTO EM CERÂMICA, VIGOTA TRELIÇADA, ALTURA TOTAL DA LAJE "LT" = 12 CM (ENCHIMENTO+CAPA) = (8+4). AF_08/2025 | C102: M2 | D102: 70.5 | G102: 233.65 | H102: 0.2354 | I102: =TRUNC(G102*(1+H102),2) -> 288.65 | J102: =TRUNC(D102*I102,2) -> 20349.82 | K102: SINAPI | L102: 106059
A103: 1.10.6.2. | B103: IMPERMEABILIZAÇÃO DE SUPERFÍCIE COM MEMBRANA À BASE DE POLIURETANO, 2 DEMÃOS. AF_09/2023 | C103: M2 | D103: 70.5 | G103: 152.27 | H103: 0.2354 | I103: =TRUNC(G103*(1+H103),2) -> 188.11 | J103: =TRUNC(D103*I103,2) -> 13261.75 | K103: SINAPI | L103: 98553
...

Sheet QCI
B1: QCI - QUADRO DE COMPOSIÇÃO DO INVESTIMENTO
B2: =PAVIM.!$G$2 -> PREFEITURA MUNICIPAL DE MARACAJÁ | D2: =PAVIM.!$I$2 -> BAIRRO: ESPIGÃO DA TOCA | F2: =PAVIM.!$K$2 -> MUNICIPIO: MARACAJÁ | H2: =PAVIM.!$M$2 -> ESTADO: SANTA CATARINA
B3: =PAVIM.!$G$3 -> RODOVIA ANGELINO ACORDI | H3: =PAVIM.!$M$3 -> DATA: 08/10/26
A5: Nº do Item | B5: Descrição | C5: Unidade | D5: Quantidade | E5: Recurso Próprio | F5: Contratado | G5: Outras Fontes | H5: Total | I5: INC. %
A7: =ORÇAMENTO!A9 -> 1.1. | B7: =ORÇAMENTO!B9 -> ADMINISTRAÇÃO LOCAL | F7: =ORÇAMENTO!J9 -> 0 | H7: =E7+F7 -> 0 | I7: =H7/$H$31 -> 0
A8: =ORÇAMENTO!A11 -> 1.2. | B8: =ORÇAMENTO!B11 -> SERVIÇOS PRELIMINARES | F8: =ORÇAMENTO!J11 -> 0 | H8: =SUM(E8:F8) -> 0 | I8: =H8/$H$31 -> 0
A9: =ORÇAMENTO!A22 -> 1.3. | B9: =ORÇAMENTO!B22 -> CERCAMENTO | F9: =ORÇAMENTO!J22 -> 0 | H9: =E9+F9 -> 0 | I9: =H9/$H$31 -> 0
A10: =ORÇAMENTO!A34 -> 1.4. | B10: =ORÇAMENTO!B34 -> PISTA DE CAMINHADA E CICLOVIA | F10: =ORÇAMENTO!J34 -> 0 | H10: =SUM(E10:F10) -> 0 | I10: =H10/$H$31 -> 0
A11: =ORÇAMENTO!A53 -> 1.7.0.3. | B11: =ORÇAMENTO!B53 -> PLANTIO DE GRAMA ESMERALDA OU SÃO CARLOS OU CURITIBANA, EM PLACAS. AF_07/2024 | F11: =ORÇAMENTO!J53 -> 87900 | H11: =SUM(E11:F11) -> 87900 | I11: =H11/$H$31 -> 1
E31: =SUM(E7:E30) -> 0 | F31: =SUM(F7:F30) -> 87900 | H31: =SUM(H7:H30) -> 87900 | I31: =SUM(I7:I30) -> 1

Sheet CRONOGRAMA
B1: CRONOGRAMA GLOBAL
B2: =PAVIM.!$G$2 -> PREFEITURA MUNICIPAL DE MARACAJÁ | N2: =PAVIM.!$I$2 -> BAIRRO: ESPIGÃO DA TOCA | R2: =PAVIM.!$K$2 -> MUNICIPIO: MARACAJÁ | V2: =PAVIM.!$M$2 -> ESTADO: SANTA CATARINA
B3: =PAVIM.!$G$3 -> RODOVIA ANGELINO ACORDI | V3: =PAVIM.!$M$3 -> DATA: 08/10/26
A5: Ítem | B5: Mês 01 | D5: Mês 02 | F5: Mês 03 | H5: Mês 04 | J5: Mês 05 | L5: Mês 06 | N5: Mês 07 | P5: Mês 08 | R5: Mês 09 | T5: Mês 10 | V5: Mês 11 | X5: Mês 12
B6: No mês | C6: Acum. | D6: No mês | E6: Acum. | F6: No mês | G6: Acum. | H6: No mês | I6: Acum. | J6: No mês | K6: Acum. | L6: No mês | M6: Acum. | N6: No mês | O6: Acum. | P6: No mês | Q6: Acum. | R6: No mês | S6: Acum. | T6: No mês | U6: Acum. | V6: No mês | W6: Acum. | X6: No mês | Y6: Acum.
A7: =IF(QCI!A7="","",QCI!A7) -> 1.1. | B7: 1 | C7: =B7 -> 1 | D7: 0 | E7: =B7+D7 -> 1 | F7: 0 | G7: =F7+D7+B7 -> 1 | H7: 0 | I7: =H7+F7+D7+B7 -> 1 | J7: 0 | K7: =J7+H7+F7+D7+B7 -> 1
A8: =IF(QCI!A8="","",QCI!A8) -> 1.2. | B8: 0.5 | C8: =B8 -> 0.5 | D8: 0.5 | E8: =B8+D8 -> 1 | F8: 0 | G8: =F8+D8+B8 -> 1 | H8: 0 | I8: =H8+F8+D8+B8 -> 1 | J8: 0 | K8: =J8+H8+F8+D8+B8 -> 1
A9: =IF(QCI!A9="","",QCI!A9) -> 1.3. | B9: 0.1 | C9: =B9 -> 0.1 | D9: 0.25 | E9: =B9+D9 -> 0.35 | F9: 0.3 | G9: =F9+D9+B9 -> 0.65 | H9: 0.25 | I9: =H9+F9+D9+B9 -> 0.9 | J9: 0.1 | K9: =J9+H9+F9+D9+B9 -> 1
A10: =IF(QCI!A10="","",QCI!A10) -> 1.4. | B10: 0.1 | C10: =B10 -> 0.1 | D10: 0.25 | E10: =B10+D10 -> 0.35 | F10: 0.3 | G10: =F10+D10+B10 -> 0.65 | H10: 0.25 | I10: =H10+F10+D10+B10 -> 0.9 | J10: 0.1 | K10: =J10+H10+F10+D10+B10 -> 1
A11: =IF(QCI!A11="","",QCI!A11) -> 1.7.0.3. | B11: 0 | C11: =B11 -> 0 | D11: 0 | E11: =B11+D11 -> 0 | F11: 0 | G11: =F11+D11+B11 -> 0 | H11: 0 | I11: =H11+F11+D11+B11 -> 0 | J11: 1 | K11: =J11+H11+F11+D11+B11 -> 1
A12: =IF(QCI!A12="","",QCI!A12)
A13: =IF(QCI!A13="","",QCI!A13)
A14: =IF(QCI!A14="","",QCI!A14)
A15: =IF(QCI!A15="","",QCI!A15)
A16: =IF(QCI!A16="","",QCI!A16)
A17: =IF(QCI!A17="","",QCI!A17)
A18: =IF(QCI!A18="","",QCI!A18)
A24: TOTAL | B24: =(B7*QCI!$H$7+B8*QCI!$H$8+B9*QCI!$H$9+B10*QCI!$H$10+B11*QCI!$H$11)/QCI!$H$31 -> 0 | C24: =(C7*QCI!$H$7+C8*QCI!$H$8+C9*QCI!$H$9+C10*QCI!$H$10+C11*QCI!$H$11)/QCI!$H$31 -> 0 | D24: =(D7*QCI!$H$7+D8*QCI!$H$8+D9*QCI!$H$9+D10*QCI!$H$10+D11*QCI!$H$11)/QCI!$H$31 -> 0 | E24: =(E7*QCI!$H$7+E8*QCI!$H$8+E9*QCI!$H$9+E10*QCI!$H$10+E11*QCI!$H$11)/QCI!$H$31 -> 0 | F24: =(F7*QCI!$H$7+F8*QCI!$H$8+F9*QCI!$H$9+F10*QCI!$H$10+F11*QCI!$H$11)/QCI!$H$31 -> 0 | G24: =(G7*QCI!$H$7+G8*QCI!$H$8+G9*QCI!$H$9+G10*QCI!$H$10+G11*QCI!$H$11)/QCI!$H$31 -> 0 | H24: =(H7*QCI!$H$7+H8*QCI!$H$8+H9*QCI!$H$9+H10*QCI!$H$10+H11*QCI!$H$11)/QCI!$H$31 -> 0 | I24: =(I7*QCI!$H$7+I8*QCI!$H$8+I9*QCI!$H$9+I10*QCI!$H$10+I11*QCI!$H$11)/QCI!$H$31 -> 0 | ... K24: =(K7*QCI!$H$7+K8*QCI!$H$8+K9*QCI!$H$9+K10*QCI!$H$10+K11*QCI!$H$11)/QCI!$H$31 -> 1
A25: Recurso
A26: C. Fin. | B26: =B7*QCI!$H$7+B8*QCI!$H$8+B9*QCI!$H$9+B10*QCI!$H$10+B11*QCI!$H$11 -> 0 | D26: =D7*QCI!$H$7+D8*QCI!$H$8+D9*QCI!$H$9+D10*QCI!$H$10+D11*QCI!$H$11 -> 0 | F26: =F7*QCI!$H$7+F8*QCI!$H$8+F9*QCI!$H$9+F10*QCI!$H$10+F11*QCI!$H$11 -> 0 | H26: =H7*QCI!$H$7+H8*QCI!$H$8+H9*QCI!$H$9+H10*QCI!$H$10+H11*QCI!$H$11 -> 0 | J26: =J7*QCI!$H$7+J8*QCI!$H$8+J9*QCI!$H$9+J10*QCI!$H$10+J11*QCI!$H$11 -> 87900
A27: C. Fis.
A28: Outros F.
A29: TOTAL (R$) | B29: =SUM(B25:C28) -> 0 | D29: =SUM(D25:E28) -> 0 | F29: =SUM(F25:G28) -> 0 | H29: =SUM(H25:I28) -> 0 | J29: =SUM(J25:K28) -> 87900

Sheet TERRAPL.
B1: PLANILHA DE CÁLCULO DE QUANTITATIVOS DE TERRAPLENAGEM
B2: =PAVIM.!G2 -> PREFEITURA MUNICIPAL DE MARACAJÁ | F2: =PAVIM.!I2 -> BAIRRO: ESPIGÃO DA TOCA | H2: =PAVIM.!K2 -> MUNICIPIO: MARACAJÁ | J2: =PAVIM.!M2 -> ESTADO: SANTA CATARINA
B3: =PAVIM.!G3 -> RODOVIA ANGELINO ACORDI | J3: =PAVIM.!M3 -> DATA: 08/10/26
A4: ESTACA | D4: SEMI DISTÂNCIA | E4: ÁREA DE CORTE | F4: SOMA DAS ÁREAS | G4: VOLUME DE CORTE | H4: ÁREA DE ATERRO | I4: SOMA DAS ÁREAS | J4: VOLUME DE ATERRO
A5: 0 | B5: + | C5: 0 | E5: 3.064 | H5: 0
A6: 0 | B6: + | C6: 8.193 | D6: =((A6*20+C6)-(A5*20+C5))/2 -> 4.0965 | E6: 3.044 | F6: =E6+E5 -> 6.108 | G6: =TRUNC(F6*D6,3) -> 25.021 | H6: 0 | I6: =H6+H5 -> 0 | J6: =TRUNC(I6*D6,3) -> 0
A7: 1 | B7: + | C7: 0 | D7: =((A7*20+C7)-(A6*20+C6))/2 -> 5.9035 | E7: 3.296 | F7: =E7+E6 -> 6.34 | G7: =TRUNC(F7*D7,3) -> 37.428 | H7: 0 | I7: =H7+H6 -> 0 | J7: =TRUNC(I7*D7,3) -> 0
A8: 2 | B8: + | C8: 0 | D8: =((A8*20+C8)-(A7*20+C7))/2 -> 10 | E8: 2.548 | F8: =E8+E7 -> 5.844 | G8: =TRUNC(F8*D8,3) -> 58.44 | H8: 0 | I8: =H8+H7 -> 0 | J8: =TRUNC(I8*D8,3) -> 0
A9: 3 | B9: + | C9: 0 | D9: =((A9*20+C9)-(A8*20+C8))/2 -> 10 | E9: 1.545 | F9: =E9+E8 -> 4.093 | G9: =TRUNC(F9*D9,3) -> 40.93 | H9: 0 | I9: =H9+H8 -> 0 | J9: =TRUNC(I9*D9,3) -> 0
A10: 3 | B10: + | C10: 9 | D10: =((A10*20+C10)-(A9*20+C9))/2 -> 4.5 | E10: 0.844 | F10: =E10+E9 -> 2.389 | G10: =TRUNC(F10*D10,3) -> 10.75 | H10: 0.236 | I10: =H10+H9 -> 0.236 | J10: =TRUNC(I10*D10,3) -> 1.062
A11: 3 | B11: + | C11: 15.72 | D11: =((A11*20+C11)-(A10*20+C10))/2 -> 3.36 | E11: 0.484 | F11: =E11+E10 -> 1.328 | G11: =TRUNC(F11*D11,3) -> 4.462 | H11: 0.645 | I11: =H11+H10 -> 0.881 | J11: =TRUNC(I11*D11,3) -> 2.96
A12: 4 | B12: + | C12: 0 | D12: =((A12*20+C12)-(A11*20+C11))/2 -> 2.14 | E12: 0.332 | F12: =E12+E11 -> 0.816 | G12: =TRUNC(F12*D12,3) -> 1.746 | H12: 0.87 | I12: =H12+H11 -> 1.515 | J12: =TRUNC(I12*D12,3) -> 3.242
A13: 5 | B13: + | C13: 0 | D13: =((A13*20+C13)-(A12*20+C12))/2 -> 10 | E13: 0.25 | F13: =E13+E12 -> 0.582 | G13: =TRUNC(F13*D13,3) -> 5.82 | H13: 1.369 | I13: =H13+H12 -> 2.239 | J13: =TRUNC(I13*D13,3) -> 22.39
A14: 5 | B14: + | C14: 18.954 | D14: =((A14*20+C14)-(A13*20+C13))/2 -> 9.477 | E14: 0.35 | F14: =E14+E13 -> 0.6 | G14: =TRUNC(F14*D14,3) -> 5.686 | H14: 1.071 | I14: =H14+H13 -> 2.44 | J14: =TRUNC(I14*D14,3) -> 23.123
A15: 6 | B15: + | C15: 0 | D15: =((A15*20+C15)-(A14*20+C14))/2 -> 0.523 | E15: 0.3 | F15: =E15+E14 -> 0.65 | G15: =TRUNC(F15*D15,3) -> 0.339 | H15: 1.096 | I15: =H15+H14 -> 2.167 | J15: =TRUNC(I15*D15,3) -> 1.133
A16: 7 | B16: + | C16: 0 | D16: =((A16*20+C16)-(A15*20+C15))/2 -> 10 | E16: 1.3 | F16: =E16+E15 -> 1.6 | G16: =TRUNC(F16*D16,3) -> 16 | H16: 1.335 | I16: =H16+H15 -> 2.431 | J16: =TRUNC(I16*D16,3) -> 24.31
A17: 8 | B17: + | C17: 0 | D17: =((A17*20+C17)-(A16*20+C16))/2 -> 10 | E17: 3.25 | F17: =E17+E16 -> 4.55 | G17: =TRUNC(F17*D17,3) -> 45.5 | H17: 1.198 | I17: =H17+H16 -> 2.533 | J17: =TRUNC(I17*D17,3) -> 25.33
... A34: 20 | B34: + | C34: 0 | D34: =((A34*20+C34)-(A33*20+C33))/2 -> 9.01 | E34: 2.219 | F34: =E34+E33 -> 2.649 | G34: =TRUNC(F34*D34,3) -> 23.867 | H34: 0 | I34: =H34+H33 -> 1.351 | J34: =TRUNC(I34*D34,3) -> 12.172
G35: =SUM(G6:G34) -> 464.465 | J35: =SUM(J6:J34) -> 464.465
A37: VOLUME TOTAL DE ESCAVAÇÃO: | I37: =G35 -> 464.465
A38: VOLUME TOTAL DE ATERRO: | I38: =J35 -> 464.465
A39: VOLUME TOTAL DE BOTA FORA: | I39: =I37-I38 -> 0

Sheet DIM. DREN.
C2: ANEXO 03 - ESTUDO DE BACIAS DE CONTRIBUIÇÃO PARA CÁLCULO
C3: E DIMENSIONAMENTO DE BUEIRO DE TALVEGUE
A5: RUA ARCENDINO FARIAS | E5: MUNICIPIO: MARACAJÁ | H5: PREFEITURA MUNICIPAL DE MARACAJÁ/SC
A6: BAIRRO/DISTRITO: ESPIGÃO GRANDE | E6: ESTADO: SC | H6: =#REF! -> #REF! | K6: FOLHA : 01 / 01
A8: ESTUDO DA BACIA DE CONTRIBUIÇÃO
A9: BACIA | B9: L. (m) | C9: Área (km²) | D9: Montante | E9: Jusante | F9: Decl. (m/km) | G9: TR (anos) | H9: tc | I9: i (mm/h) | J9: C (runoff) | K9: Qd (m³/s) (SOLICITADA)
A10: 1 | B10: 866 | C10: =BACIAS!G5 -> 0.264293 | D10: 16 | E10: 13.722 | F10: =(D10-E10)/(B10/1000) -> 2.630485 | G10: 25 | H10: =57*(((B10/1000)^2/(F10))^0.385) -> 35.160079 | I10: =(3445.7*G10^0.138)/(H10+26)^1.012 -> 83.615643 | J10: 0.25 | K10: =(J10*I10*C10)/3.6 -> 1.5346548
A12: DIMENSIONAMENTO
A13: ESTACA | D13: L. (m) | E13: Montante | G13: Jusante | I13: I (m/m) | K13: Ø Projetado
A14: 30 | B14: + | C14: 6 | D14: 13 | E14: =E10 -> 13.722 | G14: 13.45 | I14: =(E14-G14)/D14 -> 0.020923077 | K14: Duplo de 0,60m
K15: SUBSTITUIÇÃO
A38: ESTUDO DA BACIA DE CONTRIBUIÇÃO
A39: BACIA | B39: L. (m) | C39: Área (km²) | D39: Montante | E39: Jusante | F39: Decl. (m/km) | G39: TR (anos) | H39: tc | I39: i (mm/h) | J39: C (runoff) | K39: Qd (m³/s) (SOLICITADA)
A40: 2 | B40: 900 | C40: =BACIAS!G6 -> 0.173808 | D40: 15 | E40: 13.158 | F40: =(D40-E40)/(B40/1000) -> 2.0466667 | G40: 25 | H40: =57*(((B40/1000)^2/(F40))^0.385) -> 39.892242 | I40: =(3445.7*G40^0.138)/(H40+26)^1.012 -> 77.541266 | J40: 0.25 | K40: =(J40*I40*C40)/3.6 -> 0.93592308
A42: DIMENSIONAMENTO
A43: ESTACA | D43: L. (m) | E43: Montante | G43: Jusante | I43: I (m/m) | K43: Ø Projetado
A44: 50 | B44: + | C44: 0 | D44: 13 | E44: =E40 -> 13.158 | G44: 12.898 | I44: =(E44-G44)/D44 -> 0.02 | K44: Duplo de 0,60m
K45: SUBSTITUIÇÃO

Sheet BACIAS
D4: BACIA | E4: ÁREA DE CONTRIBUIÇÃO (m²) | F4: ÁREA DE CONTRIBUIÇÃO (HA) | G4: ÁREA DE CONTRIBUIÇÃO (KM²)
D5: 1 | E5: 264293 | F5: =E5/10000 -> 26.4293 | G5: =E5/(1000*1000) -> 0.264293
D6: 2 | E6: 173808 | F6: =E6/10000 -> 17.3808 | G6: =E6/(1000*1000) -> 0.173808
G11: =1232*7.5 -> 9240
G12: =G11-G13 -> 2700
G13: 6540
G14: =G12/1232 -> 2.1915584

Sheet DRENAGEM
G1: PLANILHA DE CÁLCULO PARA DIMENSIONAMENTO E QUANTITATIVOS DE DRENAGEM URBANA
G2: =PAVIM.!G2 -> PREFEITURA MUNICIPAL DE MARACAJÁ | O2: =PAVIM.!I2 -> BAIRRO: ESPIGÃO DA TOCA | S2: =PAVIM.!K2 -> MUNICIPIO: MARACAJÁ | W2: ESTADO: SANTA CATARINA | AB2: =PAVIM.!M3 -> DATA: 08/10/26
G3: =PAVIM.!G3 -> RODOVIA ANGELINO ACORDI | L3: T : | M3: 5 | N3: anos | O3: Coef. n : | P3: 0.013 | Q3: K: | R3: 696.47 | S3: b: | T3: 8.97 | U3: m: | V3: 0.195 | W3: n: | X3: 0.701
A4: Trecho | G4: L (m) | H4: Área (m²) | I4: TC (min) | J4: I (mm/h) | K4: C (run off) | L4: Vazão (m³/s) | O4: Cota Terreno | Q4: Declividade | S4: Diâmetro | U4: Velocidade (m/s) | V4: Recobrimento | X4: Cota da Galeria | Z4: Profundidade da Vala | AB4: Tempo de Percurso | AD4: Escavação (m³) | AE4: Reaterro (m³) | AF4: Berço em rachão (m³)
A5: Est. inicial | D5: Est. Final | L5: Projeto | M5: Admissível sarjeta | N5: Captada | O5: (montante) | P5: (jusante) | Q5: Natural (mm) | R5: Adotada (mm) | S5: Calculado (m) | T5: Comercial (mm) | V5: Mínimo (m) | W5: Adotado (m) | X5: (montante) | Y5: (jusante) | Z5: Montante (m) | AA5: Jusante (m) | AB5: Galeria (min) | AC5: Sarjeta (min)
A6: 3 | B6: + | C6: 9 | D6: 3 | E6: + | F6: 9 | G6: 14 | H6: 40000 | I6: 10 | J6: =($R$3*$M$3^$V$3)/(I6+$T$3)^$X$3 -> 121.13688 | K6: 0.6 | L6: =K6*J6*(H6/(1000*1000)/3.6) -> 0.80757917 | M6: 0 | N6: =L6-M6 -> 0.80757917 | O6: 33.5 | P6: 33 | Q6: =(O6-P6)/G6 -> 0.035714286 | R6: =(X6-Y6)/G6 -> 0.032857143 | S6: =1.5*(N6*$P$3/R6^0.5)^(3/8) -> 0.51540229 | T6: 600 | U6: =0.397*((T6/1000)^(2/3)*R6^0.5)/$P$3 -> 3.9378837 | V6: 0.6 | W6: =P6-Y6 -> 0.79 | X6: 32.67 | Y6: 32.21 | Z6: =O6-X6 -> 0.83 | AA6: =P6-Y6 -> 0.79 | AB6: =G6/(60*U6) -> 0.059253485 | AC6: 0 | AD6: =(G6*(Z6+AA6)/2*IF(T6=300,0.85,IF(T6=400,1,IF(T6=500,1.15,IF(T6=600,1.35,IF(T6=800,1.65,IF(T6=1000,2,IF(T6=1200,2.3,IF(T6=1500,2.85))))))))) -> 15.309 | AE6: =(G6-1)*(Z6+AA6)/2-(PI()*(IF(T6=300,0.5,IF(T6=400,0.6,IF(T6=500,0.7,IF(T6=600,0.8,IF(T6=800,1,IF(T6=1000,1.2,IF(T6=1200,1.4,IF(T6=1500,1.7)))))))))^2) -> 8.5193807 | AF6: =G6*0.96*0.15 -> 2.016
A8: 13 | B8: + | C8: 6 | D8: 13 | E8: + | F8: 6 | G8: 10 | H8: 66000 | I8: 10 | J8: =($R$3*$M$3^$V$3)/(I8+$T$3)^$X$3 -> 121.13688 | K8: 0.6 | L8: =K8*J8*(H8/(1000*1000)/3.6) -> 1.3325056 | M8: 0 | N8: =L8-M8 -> 1.3325056 | O8: 32.1 | P8: 30.8 | Q8: =(O8-P8)/G8 -> 0.13 | R8: =(X8-Y8)/G8 -> 0.2114 | S8: =1.5*(N8*$P$3/R8^0.5)^(3/8) -> 0.43864555 | T8: 800 | U8: =0.397*((T8/1000)^(2/3)*R8^0.5)/$P$3 -> 12.100212 | V8: 0.6 | W8: =P8-Y8 -> 1.474 | X8: 31.44 | Y8: 29.326 | Z8: =O8-X8 -> 0.66 | AA8: =P8-Y8 -> 1.474 | AB8: =G8/(60*U8) -> 0.013773864 | AC8: 0 | AD8: =(G8*(Z8+AA8)/2*IF(T8=300,0.85,IF(T8=400,1,IF(T8=500,1.15,IF(T8=600,1.35,IF(T8=800,1.65,IF(T8=1000,2,IF(T8=1200,2.3,IF(T8=1500,2.85))))))))) -> 17.6055 | AE8: =(G8-1)*(Z8+AA8)/2-(PI()*(IF(T8=300,0.5,IF(T8=400,0.6,IF(T8=500,0.7,IF(T8=600,0.8,IF(T8=800,1,IF(T8=1000,1.2,IF(T8=1200,1.4,IF(T8=1500,1.7)))))))))^2) -> 6.4614073 | AF8: =G8*1.2*0.15 -> 1.8
A10: 15 | B10: + | C10: 5 | D10: 15 | E10: + | F10: 5 | G10: 14 | H10: 55681 | I10: 10 | J10: =($R$3*$M$3^$V$3)/(I10+$T$3)^$X$3 -> 121.13688 | K10: 0.6 | L10: =K10*J10*(H10/(1000*1000)/3.6) -> 1.1241704 | M10: 0 | N10: =L10-M10 -> 1.1241704 | O10: 32.1 | P10: 31.1 | Q10: =(O10-P10)/G10 -> 0.071428571 | R10: =(X10-Y10)/G10 -> 0.024285714 | S10: =1.5*(N10*$P$3/R10^0.5)^(3/8) -> 0.61748837 | T10: 600 | U10: =0.397*((T10/1000)^(2/3)*R10^0.5)/$P$3 -> 3.3855048 | V10: 0.6 | W10: =P10-Y10 -> 0.36 | X10: 31.08 | Y10: 30.74 | Z10: =O10-X10 -> 1.02 | AA10: =P10-Y10 -> 0.36 | AB10: =G10/(60*U10) -> 0.068921283 | AC10: 0 | AD10: =(G10*(Z10+AA10)/2*IF(T10=300,0.85,IF(T10=400,1,IF(T10=500,1.15,IF(T10=600,1.35,IF(T10=800,1.65,IF(T10=1000,2,IF(T10=1200,2.3,IF(T10=1500,2.85))))))))) -> 13.041 | AE10: =(G10-1)*(Z10+AA10)/2-(PI()*(IF(T10=300,0.5,IF(T10=400,0.6,IF(T10=500,0.7,IF(T10=600,0.8,IF(T10=800,1,IF(T10=1000,1.2,IF(T10=1200,1.4,IF(T10=1500,1.7)))))))))^2) -> 6.9593807 | AF10: =G10*0.96*0.15 -> 2.016
A14: TRAVESSIA DE PISTA
A15: 15 | B15: + | C15: 5 | G15: 6 | H15: =G3 -> RODOVIA ANGELINO ACORDI | P15: BOCA DE LOBO | S15: 2 | T15: 600 | Z15: =Z10 -> 1.02 | AA15: =AA10 -> 0.36 | AD15: =(G15*(Z15+AA15)/2*IF(T15=300,0.85,IF(T15=400,1,IF(T15=500,1.15,IF(T15=600,1.35,IF(T15=800,1.65,IF(T15=1000,2,IF(T15=1200,2.3,IF(T15=1500,2.85))))))))) -> 5.589 | AE15: =(G15-1)*(Z15+AA15)/2-(PI()*(IF(T15=300,0.5,IF(T15=400,0.6,IF(T15=500,0.7,IF(T15=600,0.8,IF(T15=800,1,IF(T15=1000,1.2,IF(T15=1200,1.4,IF(T15=1500,1.7)))))))))^2) -> 1.4393807 | AF15: =G15*0.96*0.15 -> 0.864
A18: TRAVESSIA DE PISTA
A19: 2 | B19: + | C19: 4 | D19: 4 | E19: + | F19: 9 | G19: =(D19*20+F19)-(A19*20+C19) -> 45 | H19: =H15 -> RODOVIA ANGELINO ACORDI | M19: LE | P19: DRENO PROFUNDO - DPS 08 | S19: - | T19: -
A20: 4 | B20: + | C20: 10 | D20: 8 | E20: + | F20: 0 | G20: =(D20*20+F20)-(A20*20+C20) -> 70 | H20: =H19 -> RODOVIA ANGELINO ACORDI | M20: LE | P20: DRENO PROFUNDO - DPS 08 | S20: - | T20: -
A21: 9 | B21: + | C21: 0 | D21: 13 | E21: + | F21: 0 | G21: 97 | H21: =H20 -> RODOVIA ANGELINO ACORDI | M21: EX | P21: DRENO PROFUNDO - DPS 08 | S21: - | T21: -
A22: 15 | B22: + | C22: 18 | D22: 20 | E22: + | F22: 0 | G22: =(D22*20+F22)-(A22*20+C22) -> 82 | H22: =H21 -> RODOVIA ANGELINO ACORDI | M22: LE | P22: DRENO PROFUNDO - DPS 08 | S22: - | T22: -
H25: SERVIÇO | J25: QTDADE | K25: UNID.
H26: BOCA DE LOBO | J26: 2 | K26: un.
H27: BSTC D= | I27: 600 | J27: =SUMIF(T:T,600,G:G) -> 34 | K27: m
H28: BSTC D= | I28: 800 | J28: =SUMIF(T:T,800,G:G) -> 10 | K28: m
H29: ESCAVAÇÃO | J29: =TRUNC(SUM(AD6:AD23),2) -> 51.54 | K29: m³
H30: REATERRO | J30: =TRUNC(SUM(AE6:AE23),2) -> 23.37 | K30: m³
H31: BERÇO EM RACHÃO | J31: =TRUNC(SUM(AF6:AF23),2) -> 6.69 | K31: m³
H32: DPS-08 | J32: =SUM(G19:G22) -> 294 | K32: m

Sheet PAVIM.
A1: =ORÇAMENTO!B8 -> 0 | G1: PLANILHA DE CÁLCULO DE QUANTITATIVOS DE PAVIMENTAÇÃO
G2: PREFEITURA MUNICIPAL DE MARACAJÁ | I2: BAIRRO: ESPIGÃO DA TOCA | K2: MUNICIPIO: MARACAJÁ | M2: ESTADO: SANTA CATARINA
G3: RODOVIA ANGELINO ACORDI | M3: =CONCATENATE("DATA:"," ",TEXT(TODAY(),"DD/MM/AA")) -> DATA: 08/10/26
A5: REGULARIZACAO E COMPACTAÇÃO DE SUBLEITO
A6: Est. inicial | D6: Est. Final | G6: LOCALIZAÇÃO | H6: LADO | I6: Comprimento (m) | J6: Largura (m) | K6: Área (m²) | L6: Espessura (m) | M6: Quantidade (m²)
A7: 0 | B7: + | C7: 0 | D7: 20 | E7: + | F7: 0 | G7: =G3 -> RODOVIA ANGELINO ACORDI | H7: LE/LD | I7: =(D7*20+F7)-(A7*20+C7) -> 400 | J7: 8.4 | K7: - | L7: - | M7: =TRUNC(I7*J7,2) -> 3360
A8: TOTAL: | M8: =SUM(M7:M7) -> 3360
A10: SUB-BASE EM MACADAME SECO
A11: Est. inicial | D11: Est. Final | G11: LOCALIZAÇÃO | H11: LADO | I11: Comprimento (m) | J11: Largura (m) | K11: Área (m²) | L11: Espessura (m) | M11: Quantidade (m³)
A12: =A7 -> 0 | B12: =B7 -> + | C12: =C7 -> 0 | D12: =D7 -> 20 | E12: =E7 -> + | F12: =F7 -> 0 | G12: =G7 -> RODOVIA ANGELINO ACORDI | H12: =H7 -> LE/LD | I12: =(D12*20+F12)-(A12*20+C12) -> 400 | J12: 8.2 | K12: - | L12: 0.2 | M12: =TRUNC(I12*J12*L12,2) -> 656
A13: TOTAL: | M13: =SUM(M12:M12) -> 656
A15: BASE DE BRITA GRADUADA SIMPLES
A16: Est. inicial | D16: Est. Final | G16: LOCALIZAÇÃO | H16: LADO | I16: Comprimento (m) | J16: Largura (m) | K16: Área (m²) | L16: Espessura (m) | M16: Quantidade (m³)
A17: =A12 -> 0 | B17: =B12 -> + | C17: =C12 -> 0 | D17: =D12 -> 20 | E17: =E12 -> + | F17: =F12 -> 0 | G17: =G12 -> RODOVIA ANGELINO ACORDI | H17: =H12 -> LE/LD | I17: =I12 -> 400 | J17: 7.85 | K17: - | L17: 0.15 | M17: =TRUNC(I17*J17*L17,2) -> 471
A18: TOTAL: | M18: =SUM(M17:M17) -> 471
A20: IMPRIMAÇÃO EM LIGANTE COM EMULSÃO ASFÁLTICA
A21: Est. inicial | D21: Est. Final | G21: LOCALIZAÇÃO | H21: LADO | I21: Comprimento (m) | J21: Largura (m) | K21: Área (m²) | L21: Espessura (m) | M21: Quantidade (m²)
A22: =A17 -> 0 | B22: =B17 -> + | C22: =C17 -> 0 | D22: =D17 -> 20 | E22: =E17 -> + | F22: =F17 -> 0 | G22: =G17 -> RODOVIA ANGELINO ACORDI | H22: =H17 -> LE/LD | I22: =I17 -> 400 | J22: 7.7 | K22: - | L22: - | M22: =TRUNC(I22*J22,2) -> 3080
A23: TOTAL (m²): | M23: =SUM(M22:M22) -> 3080
A24: AQUISIÇÃO PARA A IMPRIMAÇÃO COM EMULSÃO ASFÁLTICA - 0,0013T/m²: | M24: =TRUNC(M23*0.0013,2) -> 4
A25: TRANSPORTE DO MATERIAL BETUMINOSO PARA A IMPRIMAÇÃO COM EMULSÃO ASFÁLTICA - 0,0013T/m²: | M25: =M24 -> 4
A26: Cálculo para o valor do transp. adotou-se a fórmula conforme Portaria do DNIT n. 1.977, de 25 de outubro de 2017, publicada no Diário Oficial da União (26,939 + 0,253 x D) = [(26,939*(584,512/270,237))+(0,253*584,512/270,237)*488] x 1,17= | M26: =TRUNC(((26.939*(584.512/270.237))+(0.253*584.512/270.237)*488)*1.17,2) -> 380.61
A27: OBS.: D.M.T da Refinaria/PR até Usina Asfáltica = 488,00 km. ICMS = 17%
A29: PINTURA DE LIGAÇÃO
A30: Est. inicial | D30: Est. Final | G30: LOCALIZAÇÃO | H30: LADO | I30: Comprimento (m) | J30: Largura (m) | K30: Área (m²) | L30: Espessura (m) | M30: Quantidade (m²)
A31: =A22 -> 0 | B31: =B22 -> + | C31: =C22 -> 0 | D31: =D22 -> 20 | E31: =E22 -> + | F31: =F22 -> 0 | G31: =G22 -> RODOVIA ANGELINO ACORDI | H31: =H22 -> LE/LD | ... J31: =J22 -> 7.7 | K31: - | L31: - | M31: =TRUNC(I31*J31,2) -> 3080
A32: 20 | B32: + | C32: 0 | D32: 20 | E32: + | F32: 0 | G32: LOMBADA | H32: =H31 -> LE/LD | I32: 3.7 | J32: 7.7 | K32: - | L32: - | M32: =TRUNC(I32*J32,2) -> 28.49
A33: TOTAL (m²): | M33: =SUM(M31:M32) -> 3108.49
A34: AQUISIÇÃO DO MATERIAL BETUMINOSO PARA PINTURA DE LIGAÇÃO COM EMULSÃO ASFÁLTICA RR-1C - 0,00045T/m²: | M34: =TRUNC(M33*0.00045,2) -> 1.39
A35: TRANSPORTE DO MATERIAL BETUMINOSO PARA PINTURA DE LIGAÇÃO COM EMULSÃO ASFÁLTICA - 0,00045T/m²: | M35: =M34 -> 1.39
A36: Cálculo para o valor do transp. adotou-se a fórmula conforme Portaria do DNIT n. 1.977, de 25 de outubro de 2017, publicada no Diário Oficial da União (26,939 + 0,253 x D) = [(26,939*(584,512/270,237))+(0,253*584,512/270,237)*488] x 1,17= | M36: =TRUNC(((26.939*(584.512/270.237))+(0.253*584.512/270.237)*488)*1.17,2) -> 380.61
A37: OBS.: D.M.T da Refinaria/PR até Usina Asfáltica = 488,00 km. ICMS = 17%
A39: CONCRETO ASFÁLTICO CAP 50/70 - FAIXA C
A40: Est. inicial | D40: Est. Final | G40: LOCALIZAÇÃO | H40: LADO | I40: Comprimento (m) | J40: Largura (m) | K40: Área (m²) | L40: Espessura (m) | M40: Quantidade (m³)
A41: =A31 -> 0 | B41: =B31 -> + | C41: =C31 -> 0 | D41: =D31 -> 20 | E41: =E31 -> + | F41: =F31 -> 0 | G41: =G31 -> RODOVIA ANGELINO ACORDI | H41: =H31 -> LE/LD | ... J41: =J31 -> 7.7 | K41: - | L41: 0.05 | M41: =TRUNC(I41*J41*L41,2) -> 154
A42: 15 | B42: =B32 -> + | C42: =C32 -> 0 | D42: 15 | E42: =E32 -> + | F42: =F32 -> 0 | G42: =G32 -> LOMBADA | H42: =H32 -> LE/LD | I42: =I32 -> 3.7 | J42: =J32 -> 7.7 | K42: - | L42: 0.08 | M42: =TRUNC(I42*J42*L42,2) -> 2.27
A43: TOTAL (m³): | M43: =SUM(M41:M42) -> 156.27
A44: TOTAL (T) - PESO ESPECÍFICO 2,50T/m³: | M44: =TRUNC(M43*2.5,2) -> 390.67
A45: AQUISIÇÃO DE MATERIAL BETUMINOSO PARA ASFÁLTICO CAP 50/70 - FAIXA C - 5,2%: | M45: =TRUNC(M44*5.2%,2) -> 20.31
A46: TRANSPORTE DO MATERIAL BETUMINOSO PARA ASFÁLTICO CAP 50/70 - FAIXA C - PESO ESPECÍFICO 2,50T/m³: | M46: =M45 -> 20.31
A47: Cálculo para o valor do transp. adotou-se a fórmula conforme Portaria do DNIT n. 1.977, de 25 de outubro de 2017, publicada no Diário Oficial da União (26,939 + 0,253 x D) = [(26,939*(562,597/270,237))+(0,253*562,597/270,237)*488] x 1,17= | M47: =TRUNC(((26.939*(562.597/270.237))+(0.253*562.597/270.237)*488)*1.17,2) -> 366.34
A48: OBS.: D.M.T da Refinaria/PR até Usina Asfáltica = 488,00 km. ICMS = 17%

Sheet SINALIZAÇÃO
D1: PLANILHA DE CÁLCULO DE QUANTITATIVOS DE SINALIZAÇÃO
D2: =PAVIM.!G2 -> PREFEITURA MUNICIPAL DE MARACAJÁ | I2: =PAVIM.!I2 -> BAIRRO: ESPIGÃO DA TOCA | L2: =PAVIM.!K2 -> MUNICIPIO: MARACAJÁ | M2: =PAVIM.!M2 -> ESTADO: SANTA CATARINA
D3: =PAVIM.!G3 -> RODOVIA ANGELINO ACORDI | M3: =PAVIM.!M3 -> DATA: 08/10/26
A5: SINALIZAÇÃO HORIZONTAL - PINTURA DE FAIXA
A6: Est. Inicial | D6: Est. Final | G6: Rua | H6: Quantidade | I6: Comprimento (m) | J6: Largura (m) | K6: Faixas (un.) | L6: Tipo | M6: Total (m²)
A7: =PAVIM.!A7 -> 0 | B7: =PAVIM.!B7 -> + | C7: =PAVIM.!C7 -> 0 | D7: =PAVIM.!D7 -> 20 | E7: =PAVIM.!E7 -> + | F7: =PAVIM.!F7 -> 0 | G7: =PAVIM.!G7 -> RODOVIA ANGELINO ACORDI | H7: 1 | I7: =D7*20+F7 -> 400 | J7: 0.1 | K7: 1 | L7: EIXO DE PISTA | M7: =TRUNC(I7*H7,2) -> 400
A8: =A7 -> 0 | B8: =B7 -> + | C8: =C7 -> 0 | D8: =D7 -> 20 | E8: =E7 -> + | F8: =F7 -> 0 | G8: =G7 -> RODOVIA ANGELINO ACORDI | H8: 2 | I8: =D8*20+F8 -> 400 | J8: 0.1 | K8: 1 | L8: BORDO DE PISTA - LE/LD | M8: =TRUNC(I8*H8,2) -> 800
A9: TOTAL: | M9: =SUM(M7:M8) -> 1200
A11: SINALIZAÇÃO HORIZONTAL - PINTURA DE LOMBADA
A12: Est. Inicial | D12: Est. Final | G12: Rua | H12: Quantidade | I12: Comprimento (m) | J12: Largura (m) | K12: Faixas (un.) | L12: Tipo | M12: Total (m²)
A13: 15 | B13: + | C13: 0 | D13: 15 | E13: + | F13: 0 | G13: =G8 -> RODOVIA ANGELINO ACORDI | H13: 1 | I13: 3.7 | J13: 7.7 | K13: 1 | L13: LOMBADA | M13: =TRUNC(H13*I13*J13*K13,2) -> 28.49
A14: TOTAL: | M14: =SUM(M13:M13) -> 28.49
A16: SINALIZAÇÃO HORIZONTAL - TACHA REFLETIVA BIDIRECIONAL
A17: Est. Inicial | D17: Est. Final | G17: Rua | H17: Quantidade | I17: Comprimento (m) | J17: Largura (m) | K17: á cada | L17: Tipo | M17: Quantidade (un.)
A18: =PAVIM.!A12 -> 0 | B18: =PAVIM.!B12 -> + | C18: =PAVIM.!C12 -> 0 | D18: =PAVIM.!D12 -> 20 | E18: =PAVIM.!E12 -> + | F18: =PAVIM.!F12 -> 0 | G18: =PAVIM.!G12 -> RODOVIA ANGELINO ACORDI | H18: 3 | I18: =D18*20+F18 -> 400 | J18: - | K18: 6 | L18: LE, EIXO, LD | M18: =ROUNDUP(I18*H18/K18,0) -> 200
A19: TOTAL: | M19: =SUM(M18:M18) -> 200
A21: SINALIZAÇÃO VERTICAL - PLACA DE REGULAMENTAÇÃO
A22: Est. Inicial | D22: Est. Final | G22: Rua | H22: Quantidade | I22: Comprimento (m) | J22: Largura (m) | K22: Lado | L22: Tipo | M22: Quantidade (un.)
A23: 13 | B23: + | C23: 0 | D23: 13 | E23: + | F23: 0 | G23: =G18 -> RODOVIA ANGELINO ACORDI | H23: 1 | I23: 0.6 | J23: 0.6 | K23: LE | L23: VELOCIDADE DE 60 Km/h | M23: 1
A24: 16 | B24: + | C24: 0 | D24: 16 | E24: + | F24: 0 | G24: =G23 -> RODOVIA ANGELINO ACORDI | H24: 1 | I24: 0.6 | J24: 0.6 | K24: LD | L24: VELOCIDADE DE 60 Km/h | M24: 1
A25: TOTAL: | M25: =SUM(M23:M24) -> 2
A27: SINALIZAÇÃO VERTICAL - PLACA DE ADVERTÊNCIA
A28: Est. Inicial | D28: Est. Final | G28: Rua | H28: Quantidade | I28: Comprimento (m) | J28: Largura (m) | K28: Lado | L28: Tipo | M28: Quantidade (un.)
A29: 15 | B29: + | C29: 0 | D29: 15 | E29: + | F29: 0 | G29: =G23 -> RODOVIA ANGELINO ACORDI | H29: 1 | I29: 0.6 | J29: 0.6 | K29: LD | L29: LOMBADA | M29: =H29 -> 1
A30: 15 | B30: + | C30: 0 | D30: 15 | E30: + | F30: 0 | G30: =G29 -> RODOVIA ANGELINO ACORDI | H30: 1 | I30: 0.6 | J30: 0.6 | K30: LE | L30: LOMBADA | M30: =H30 -> 1
A31: TOTAL: | M31: =SUM(M29:M30) -> 2
A33: SINALIZAÇÃO VERTICAL
A34: Est. Inicial | D34: Est. Final | G34: Rua | H34: Quantidade | I34: Comprimento (m) | J34: Largura (m) | K34: Lado | L34: Tipo | M34: Quantidade (un.)
A35: =A7 -> 0 | B35: =B7 -> + | C35: =C7 -> 0 | D35: =D7 -> 20 | E35: =E7 -> + | F35: =F7 -> 0 | G35: =G7 -> RODOVIA ANGELINO ACORDI | H35: 1 | I35: 2 | J35: 1 | K35: LD | L35: PLACA DE OBRA | M35: 1
A36: TOTAL: | M36: =SUM(M35:M35) -> 1

Sheet BDI
D1: Agente Promotor | F1: Número do Contrato
D2: PREFEITURA MUNICIPAL DE MARACAJÁ
D3: Empreendimento
D4: PAVIMENTAÇÃO COM CONCRETO ASFÁLTICO, TERRAPLENAGEM, DRENAGEM E SINALIZAÇÃO
D5: Localização
D6: =PAVIM.!G3 -> RODOVIA ANGELINO ACORDI | E6: =PAVIM.!I2 -> BAIRRO: ESPIGÃO DA TOCA | H6: =PAVIM.!M3 -> DATA: 08/10/26
D8: =PAVIM.!K2 -> MUNICIPIO: MARACAJÁ | E8: =PAVIM.!M2 -> ESTADO: SANTA CATARINA
A10: Composição do BDI para obras com mão-de-obra sem desoneração (conforme Lei 13.161 de 2015)
D12: TIPO DE OBRA
D13: Construção de Rodovias
C15: COMPOSIÇÃO - BDI para Construção de Rodovias e Ferrovias
C16: ITEM | D16: DESCRIÇÃO ANALÍTICA | E16: SIGLAS | F16: PERCENTUAL | G16: SITUAÇÃO | H16: 1° QUARTIL (MÍNIMO) | I16: 3° QUARTIL (MÁXIMA)
C17: 1 | D17: ADMINISTRAÇÃO CENTRAL | E17: AC | F17: 0.038 | G17: OK | H17: 0.038 | I17: 0.0467
C18: 2 | D18: SEGURO E GARANTIA | E18: S + G | F18: 0.0032 | G18: OK | H18: 0.0032 | I18: 0.0074
C19: 3 | D19: RISCO | E19: R | F19: 0.005 | G19: OK | H19: 0.005 | I19: 0.0097
C20: 4 | D20: DESPESAS FINANCEIRAS | E20: DF | F20: 0.0102 | G20: OK | H20: 0.0102 | I20: 0.0121
C21: 5 | D21: LUCRO | E21: L | F21: 0.0664 | G21: OK | H21: 0.0664 | I21: 0.0869
C22: 6 | D22: TAXA REPRESENTATIVA DE TRIBUTOS | E22: I= PIS+CONFINS+ISS+CPRB | F22: =SUM(F23:F26) -> 0.0665 | G22: OK | H22: 0.0365 | I22: 0.0865 | N22: Foi incluída a CPRB com a alíquota de 4,50% sobre a Receita Bruta
C23: 6.1 | D23: PIS | E23: PIS | F23: 0.0065 | G23: OK | H23: 0.0065 | I23: 0.0065
A24: Alíquota iss: | B24: Base de cálculo: | C24: 6.2 | D24: CONFINS | E24: CONFINS | F24: 0.03 | G24: OK | H24: 0.03 | I24: 0.03
C25: 6.3 | D25: CONTRIBUIÇÃO PREVIDENCIÁRIA SOBRE A RECEITA BRUTA | E25: CPRB | F25: 0 | G25: OK | H25: 0.045 | I25: 0.045 | N25: Mão-de-obra desonerada
A26: 0.03 | B26: 1 | C26: 6.4 | D26: ISS | E26: ISS | F26: 0.03 | G26: OK | H26: 0.02 | I26: 0.05
E27: LIMITE CONFORME ACÓRDÃO TCU 2.622/2013 | H27: de 19,60% a 24,23%
B28: Fórmula - Acórdão TCU 2.622/2013
C30: BDI= | D30: (1+AC+S+R+G)(1+DF)(1+L) 1 | E30: BDI | F30: =TRUNC((((1+F17+F18+F19)*(1+F20)*(1+F21))/(1-F22))-1,4) -> 0.2073 | G30: OK! Percentual do BDI quando calculado sem desoneração atende ao limite estipulado pelo Acórdão TCU 2.622/2013
D31: (1-I)
B37: Percentual de BDI dentro do limite estipulado pelo Acódão TCU 2.622/2013. O cálculo dessa composição sem desoneração resulta em 20,73%
B38: Obs¹: Para pagamento de material em canteiro, quando possível nos programas do Gestor, o BDI de Materiais deve ser limitado a 12,00%
B39: Obs²: O cálculo desta composição de BDI não considera a desoneração da contribuição previdenciária, conforme Lei 13.161/2015
B40: Eu, responsável técnico pelo orçamento, declaro para os devidos fins que a opção pela desoneração sobre a folha de pagamento é mais adequada para a administração pública.
F41: Declaração do Tomador dos Recursos:
F42: Declaro, conforme legislação tributária municipal, que a alíquota do ISS é de 3% e a sua base de cálculo é de 100% sobre o valor total do orçamento.
D46: Responsável Técnico pela Composição do BDI
D47: Nome: DARCIO PAGANI VIEIRA | F47: Responsável indicado pelo Tomador
D48: Registro: 077.222-9 | F48: Nome: HELDER FRANCISCO LOCH
D49: ART: | F49: Cargo: CONTADOR
F50: CPF: 288.787.289-34

Sheet COMP. SINAPI
B1: COMPOSIÇÕES DE PREÇO UNITÁRIO
B2: =PAVIM.!G2 -> PREFEITURA MUNICIPAL DE MARACAJÁ | C2: =PAVIM.!I2 -> BAIRRO: ESPIGÃO DA TOCA | E2: =PAVIM.!M2 -> ESTADO: SANTA CATARINA | F2: =PAVIM.!M3 -> DATA: 08/10/26
B3: =PAVIM.!G3 -> RODOVIA ANGELINO ACORDI | C3: =PAVIM.!K2 -> MUNICIPIO: MARACAJÁ
A5: COMPOSIÇÃO 01 | B5: CONSTRUÇÃO DE BASE E SUB-BASE PARA PAVIMENTAÇÃO DE MACADAME SECO, COM ESPESSURA DE 20 CM - EXCLUSIVE CARGA E TRANSPORTE
A6: CÓDIGO | B6: INSUMO | C6: UNIDADE | D6: COEFICIENTE | E6: PREÇO UNITÁRIO | F6: CUSTO TOTAL
A7: 88316 | B7: SERVENTE COM ENCARGOS COMPLEMENTARES | C7: H | D7: 0.0710361 | E7: 26.73 | F7: =D7*E7 -> 1.898795
A8: 5934 | B8: MOTONIVELADORA POTÊNCIA BÁSICA LÍQUIDA (PRIMEIRA MARCHA) 125 HP, PESO BRUTO 13032 KG, LARGURA DA LÂMINA DE 3,7 M - CHI DIURNO. AF_06/2014 | C8: CHI | D8: 0.0630051 | E8: 121.76 | F8: =D8*E8 -> 7.671501
A9: 5932 | B9: MOTONIVELADORA POTÊNCIA BÁSICA LÍQUIDA (PRIMEIRA MARCHA) 125 HP, PESO BRUTO 13032 KG, LARGURA DA LÂMINA DE 3,7 M - CHP DIURNO. AF_06/2014 | C9: CHP | D9: 0.008031 | E9: 302.59 | F9: =D9*E9 -> 2.4301003
A10: 5685 | B10: ROLO COMPACTADOR VIBRATÓRIO DE UM CILINDRO AÇO LISO, POTÊNCIA 80 HP, PESO OPERACIONAL MÁXIMO 8,1 T, IMPACTO DINÂMICO 16,15 / 9,5 T, LARGURA DE TRABALHO 1,68 M - CHI DIURNO. AF_06/2014 | C10: CHI | D10: 0.0641648 | E10: 76.39 | F10: =D10*E10 -> 4.9015491
A11: 5684 | B11: ROLO COMPACTADOR VIBRATÓRIO DE UM CILINDRO AÇO LISO, POTÊNCIA 80 HP, PESO OPERACIONAL MÁXIMO 8,1 T, IMPACTO DINÂMICO 16,15 / 9,5 T, LARGURA DE TRABALHO 1,68 M - CHP DIURNO. AF_06/2014 | C11: CHP | D11: 0.0068713 | E11: 181.1 | F11: =D11*E11 -> 1.2443924
A12: 5632 | B12: ESCAVADEIRA HIDRÁULICA SOBRE ESTEIRAS, CAÇAMBA 0,80 M3, PESO OPERACIONAL 17 T, POTENCIA BRUTA 111 HP - CHI DIURNO. AF_06/2014 | C12: CHI | D12: 0.050262 | E12: 102.49 | F12: =D12*E12 -> 5.1513524
A13: 5631 | B13: ESCAVADEIRA HIDRÁULICA SOBRE ESTEIRAS, CAÇAMBA 0,80 M3, PESO OPERACIONAL 17 T, POTENCIA BRUTA 111 HP - CHP DIURNO. AF_06/2014 | C13: CHP | D13: 0.0207741 | E13: 241.74 | F13: =D13*E13 -> 5.0219309
A14: 4741 | B14: PO DE PEDRA (POSTO PEDREIRA/FORNECEDOR, SEM FRETE) | C14: M3 | D14: 0.3 | E14: =COTAÇÃO!F109 -> 86 | F14: =D14*E14 -> 25.8
A15: 4730 | B15: PEDRA DE MAO OU PEDRA RACHAO PARA ARRIMO/FUNDACAO (POSTO PEDREIRA/FORNECEDOR, SEM FRETE) | C15: M3 | D15: 1.1 | E15: =COTAÇÃO!F130 -> 57 | F15: =D15*E15 -> 62.7
F16: =SUM(F7:F15) -> 116.81962
A18: COMPOSIÇÃO 02 | B18: CONSTRUÇÃO DE BASE E SUB-BASE PARA PAVIMENTAÇÃO DE BRITA GRADUADA SIMPLES, COM ESPESSURA DE 15 CM - EXCLUSIVE CARGA E TRANSPORTE
A19: CÓDIGO | B19: INSUMO | C19: UNIDADE | D19: COEFICIENTE | E19: PREÇO UNITÁRIO | F19: CUSTO TOTAL
A20: 96464 | B20: ROLO COMPACTADOR DE PNEUS, ESTÁTICO, PRESSÃO VARIÁVEL, POTÊNCIA 110 HP, PESO SEM/COM LASTRO 10,8/27 T, LARGURA DE ROLAGEM 2,30 M - CHI DIURNO. AF_06/2017 | C20: CHI | D20: 0.0273222 | E20: 100.09 | F20: =D20*E20 -> 2.734679
A21: 96463 | B21: ROLO COMPACTADOR DE PNEUS, ESTÁTICO, PRESSÃO VARIÁVEL, POTÊNCIA 110 HP, PESO SEM/COM LASTRO 10,8/27 T, LARGURA DE ROLAGEM 2,30 M - CHP DIURNO. AF_06/2017 | C21: CHP | D21: 0.0040058 | E21: 236.3 | F21: =D21*E21 -> 0.94657054
A22: 96393 | B22: AQUISIÇÃO DE BRITA GRADUADA SIMPLES. AF_09/2025 | C22: M3 | D22: 1 | E22: =COTAÇÃO!F65 -> 85 | F22: =D22*E22 -> 85
A23: 88316 | B23: SERVENTE COM ENCARGOS COMPLEMENTARES | C23: H | D23: 0.031328 | E23: 26.73 | F23: =D23*E23 -> 0.83739744
A24: 5934 | B24: MOTONIVELADORA POTÊNCIA BÁSICA LÍQUIDA (PRIMEIRA MARCHA) 125 HP, PESO BRUTO 13032 KG, LARGURA DA LÂMINA DE 3,7 M - CHI DIURNO. AF_06/2014 | C24: CHI | D24: 0.026167 | E24: 121.76 | F24: =D24*E24 -> 3.1860939
A25: 5932 | B25: MOTONIVELADORA POTÊNCIA BÁSICA LÍQUIDA (PRIMEIRA MARCHA) 125 HP, PESO BRUTO 13032 KG, LARGURA DA LÂMINA DE 3,7 M - CHP DIURNO. AF_06/2014 | C25: CHP | D25: 0.005161 | E25: 302.59 | F25: =D25*E25 -> 1.561667
A26: 5903 | B26: CAMINHÃO PIPA 10.000 L TRUCADO, PESO BRUTO TOTAL 23.000 KG, CARGA ÚTIL MÁXIMA 15.935 KG, DISTÂNCIA ENTRE EIXOS 4,8 M, POTÊNCIA 230 CV, INCLUSIVE TANQUE DE AÇO PARA TRANSPORTE DE ÁGUA - CHI DIURNO. AF_06/2014 | C26: CHI | D26: 0.0290389 | E26: 86.47 | F26: =D26*E26 -> 2.5109937
A27: 5901 | B27: CAMINHÃO PIPA 10.000 L TRUCADO, PESO BRUTO TOTAL 23.000 KG, CARGA ÚTIL MÁXIMA 15.935 KG, DISTÂNCIA ENTRE EIXOS 4,8 M, POTÊNCIA 230 CV, INCLUSIVE TANQUE DE AÇO PARA TRANSPORTE DE ÁGUA - CHP DIURNO. AF_06/2014 | C27: CHP | D27: 0.0022892 | E27: 372.56 | F27: =D27*E27 -> 0.85286435
A28: 5685 | B28: ROLO COMPACTADOR VIBRATÓRIO DE UM CILINDRO AÇO LISO, POTÊNCIA 80 HP, PESO OPERACIONAL MÁXIMO 8,1 T, IMPACTO DINÂMICO 16,15 / 9,5 T, LARGURA DE TRABALHO 1,68 M - CHI DIURNO. AF_06/2014 | C28: CHI | D28: 0.0221663 | E28: 76.39 | F28: =D28*E28 -> 1.6932837
A29: 5684 | B29: ROLO COMPACTADOR VIBRATÓRIO DE UM CILINDRO AÇO LISO, POTÊNCIA 80 HP, PESO OPERACIONAL MÁXIMO 8,1 T, IMPACTO DINÂMICO 16,15 / 9,5 T, LARGURA DE TRABALHO 1,68 M - CHP DIURNO. AF_06/2014 | C29: CHP | D29: 0.0091617 | E29: 181.1 | F29: =D29*E29 -> 1.6591839
F30: =SUM(F20:F29) -> 100.98273

Sheet COMP. SICRO
A1: SISTEMA DE CUSTOS REFERENCIAIS DE OBRAS - SICRO | C1: Santa Catarina | H1: COMPOSIÇÃO 03
A2: Custo Unitário de Referência | C2: 46113 | E2: Produção da equipe: | F2: 1 | G2: m
A3: 2003579 | B3: Dreno longitudinal profundo para corte em solo - DPS 08 - tubo PEAD e brita comercial | H3: Valores em reais (R$)
A4: A - EQUIPAMENTOS | C4: Quantidade | D4: Utilização | F4: Custo Horário | H4: Custo Horário Total
D5: Operativa | E5: Improdutiva | F5: Produtivo | G5: Improdutivo
A6: E9556 | B6: Compactador manual de placa vibratória - 3,00 kW | C6: 0.01606 | D6: 1 | E6: 0 | F6: 10.3965 | G6: 2.5044 | H6: =C6*D6*F6+E6*G6 -> 0.16696779
G7: Custo horário total de equipamentos: | H7: =SUM(H6:H6) -> 0.16696779
A8: B - MÃO DE OBRA | C8: Quantidade | D8: Unidade | E8: Custo Horário | G8: Custo Horário Total
A9: P9821 | B9: Pedreiro | C9: 0.08 | D9: h | E9: 32.841 | G9: =C9*E9 -> 2.62728
A10: P9824 | B10: Servente | C10: 1.17606 | D10: h | E10: 24.9275 | G10: =C10*E10 -> 29.316236
F11: Custo horário total de mão de obra: | G11: =SUM(G9:H10) -> 31.943516
F12: Custo horário total de execução: | G12: =G11+H7 -> 32.110483
F13: Custo unitário de execução: | H13: =G12/F2 -> 32.110483
F14: Custo do FIC:
A15: C - MATERIAL | C15: Quantidade | D15: Unidade | E15: Preço Unitário | G15: Custo Horário Total
A16: M0191 | B16: Brita 1 | C16: 0.29607 | D16: m³ | E16: =COTAÇÃO!F109 -> 86 | G16: =C16*E16 -> 25.46202
A17: M0192 | B17: Brita 2 | C17: 0.29608 | D17: m³ | E17: 90 | G17: =C17*E17 -> 26.6472
A18: M2051 | B18: Geotêxtil não-tecido agulhado em poliéster - resistência à tração longitudinal de 14 kN/m | C18: 4.1 | D18: m² | E18: 6.8315 | G18: =C18*E18 -> 28.00915
A19: M1658 | B19: Tubo PEAD corrugado perfurado para drenagem - D = 230 mm | C19: 1 | D19: m | E19: 45.0616 | G19: =C19*E19 -> 45.0616
F20: Custo unitário total de material: | G20: =SUM(G16:H19) -> 125.17997
G21: Subtotal: | H21: =SUM(G20) -> 125.17997
A22: D - ATIVIDADES AUXILIARES | C22: Quantidade | D22: Unidade | E22: Custo Horário | G22: Custo Horário Total
A23: 4805757 | B23: Escavação mecânica de vala em material de 1ª categoria | C23: 0.6 | D23: m³ | E23: 4.76 | H23: =C23*E23 -> 2.856
F24: Custo total de atividades auxiliares
F25: Subtotal | G25: =G24+H14+H13+H21+H23 -> 160.14645
A27: E - TEMPO FIXO | C27: Código | D27: Quantidade | E27: Unidade | F27: Custo Unitário | H27: Custo Unitário
A28: M0191 | B28: Brita 1 - Caminhão basculante 10 m³ | C28: 5914647 | D28: 0.44411 | E28: t | F28: 0 | H28: =D28*F28 -> 0
A29: M0192 | B29: Brita 2 - Caminhão basculante 10 m³ | C29: 5914647 | D29: 0.44412 | E29: t | F29: 0 | H29: =D29*F29 -> 0
A30: M2051 | B30: Geotêxtil não-tecido agulhado em poliéster - resistência à tração longitudinal de 14 kN/m - Caminhão carroceria 15 t | C30: 5914655 | D30: 0.00103 | E30: t | F30: 0 | H30: =D30*F30 -> 0
A31: M1658 | B31: Tubo PEAD corrugado perfurado para drenagem - D = 230 mm - Caminhão carroceria 15 t | C31: 5914655 | D31: 0.02521 | E31: t | F31: 0 | H31: =D31*F31 -> 0
G32: Custo unitário total de tempo fixo: | H32: =SUM(H28:H31) -> 0
A33: F - MOMENTO DE TRANSPORTE | C33: Quantidade | D33: Unidade | E33: DMT | H33: Custo Unitário
E34: LN | F34: RP | G34: P
G36: Custo unitário total de transporte: | H36: =SUM(H35:H35) -> 0
G37: Custo unitário direto total: | H37: =TRUNC(H32+G25+H36,2) -> 160.14
A41: SISTEMA DE CUSTOS REFERENCIAIS DE OBRAS - SICRO | C41: Santa Catarina | H41: COMPOSIÇÃO 06
A42: Custo Unitário de Referência | C42: 44287 | E42: Produção da equipe: | F42: 84.62 | G42: m³
A43: 4011282 | B43: Base ou sub-base de macadame hidráulico com brita comercial | H43: Valores em reais (R$)
A44: A - EQUIPAMENTOS | C44: Quantidade | D44: Utilização | F44: Custo Horário | H44: Custo Horário Total
D45: Operativa | E45: Improdutiva | F45: Produtivo | G45: Improdutivo
A46: E9571 | B46: Caminhão tanque com capacidade de 10.000 l - 188 kW | C46: 1 | D46: 0.76 | E46: 0.24 | F46: 226.633 | G46: 60.4948 | H46: =C46*D46*F46+E46*G46 -> 186.75983
A47: E9762 | B47: Rolo compactador de pneus autopropelido de 27 t - 85 kW | C47: 1 | D47: 0.88 | E47: 0.12 | F47: 151.4177 | G47: 72.0083 | H47: =C47*D47*F47+E47*G47 -> 141.88857
A48: E9530 | B48: Rolo compactador liso autopropelido vibratório de 11 t - 97 kW | C48: 1 | D48: 0.71 | E48: 0.29 | F48: 146.9331 | G48: 60.7897 | H48: =C48*D48*F48+E48*G48 -> 121.95151
G49: Custo horário total de equipamentos: | H49: =SUM(H46:H48) -> 450.59992
A50: B - MÃO DE OBRA | C50: Quantidade | D50: Unidade | E50: Custo Horário | G50: Custo Horário Total
A51: P9824 | B51: Servente | C51: 1 | D51: h | E51: 21.1354 | G51: =C51*E51 -> 21.1354
F52: Custo horário total de mão de obra: | G52: =SUM(G51) -> 21.1354
F53: Custo horário total de execução: | G53: =G52+H49 -> 471.73532
F54: Custo unitário de execução: | H54: =G53/F42 -> 5.5747497
F55: Custo do FIC: | H55: 0.0827
A56: C - MATERIAL | C56: Quantidade | D56: Unidade | E56: Preço Unitário | G56: Custo Horário Total
A57: M0808 | B57: Brita 4 (rachinha) | C57: 1.26 | D57: m³ | E57: =COTAÇÃO!#REF! -> #REF! | G57: =C57*E57 -> #REF!
A58: M1135 | B58: Pó de pedra | C58: 0.14 | D58: m³ | E58: =COTAÇÃO!#REF! -> #REF! | G58: =C58*E58 -> #REF!
F59: Custo unitário total de material: | G59: =SUM(G57:H58) -> #REF!
G60: Subtotal: | H60: =SUM(G59) -> #REF!
A61: D - ATIVIDADES AUXILIARES | C61: Quantidade | D61: Unidade | E61: Custo Horário | G61: Custo Horário Total
F62: Custo total de atividades auxiliares
F63: Subtotal | G63: =G62+H55+H54+H60 -> #REF!
A65: E - TEMPO FIXO | C65: Código | D65: Quantidade | E65: Unidade | F65: Custo Unitário | H65: Custo Unitário
A66: M0808 | B66: Brita 4 (rachinha) - Caminhão basculante 10 | C66: 5914651 | D66: 1.89 | E66: t | F66: 1.58 | H66: =D66*F66 -> 2.9862
A67: M1135 | B67: Pó de pedra - Caminhão basculante 10 m³ | C67: 5914651 | D67: 0.21 | E67: t | F67: 1.58 | H67: =D67*F67 -> 0.3318
G68: Custo unitário total de tempo fixo: | H68: =SUM(H66:H67) -> 3.318
A69: F - MOMENTO DE TRANSPORTE | C69: Quantidade | D69: Unidade | E69: DMT | H69: Custo Unitário
E70: LN | F70: RP | G70: P
G72: Custo unitário total de transporte: | H72: =SUM(H71:H71) -> 0
G73: Custo unitário direto total: | H73: =H68+G63+H72 -> #REF!
A81: SISTEMA DE CUSTOS REFERENCIAIS DE OBRAS - SICRO | C81: Santa Catarina | H81: COMPOSIÇÃO 07
A82: Custo Unitário de Referência | C82: 44287 | E82: Produção da equipe: | F82: 113.18 | G82: m³
A83: 4011276 | B83: Base ou sub-base de brita graduada com brita comercial | H83: Valores em reais (R$)
A84: A - EQUIPAMENTOS | C84: Quantidade | D84: Utilização | F84: Custo Horário | H84: Custo Horário Total
D85: Operativa | E85: Improdutiva | F85: Produtivo | G85: Improdutivo
A86: E9571 | B86: Caminhão tanque com capacidade de 10.000 l - 188 kW | C86: 1 | D86: 0.34 | E86: 0.66 | F86: 226.633 | G86: 60.4948 | H86: =C86*D86*F86+E86*G86 -> 116.98179
A87: E9762 | B87: Rolo compactador de pneus autopropelido de 27 t - 85 kW | C87: 1 | D87: 0.65 | E87: 0.35 | F87: 151.4177 | G87: 72.0083 | H87: =C87*D87*F87+E87*G87 -> 123.62441
A88: E9530 | B88: Rolo compactador liso autopropelido vibratório de 11 t - 97 kW | C88: 1 | D88: 0.52 | E88: 0.48 | F88: 146.9331 | G88: 60.7897 | H88: =C88*D88*F88+E88*G88 -> 105.58427
G89: Custo horário total de equipamentos: | H89: =SUM(H86:H88) -> 346.19047
A90: B - MÃO DE OBRA | C90: Quantidade | D90: Unidade | E90: Custo Horário | G90: Custo Horário Total
A91: P9824 | B91: Servente | C91: 1 | D91: h | E91: 21.1354 | G91: =C91*E91 -> 21.1354
F92: Custo horário total de mão de obra: | G92: =SUM(G91) -> 21.1354
F93: Custo horário total de execução: | G93: =G92+H89 -> 367.32587
F94: Custo unitário de execução: | H94: =G93/F82 -> 3.2455016
F95: Custo do FIC: | H95: 0.0522
A96: C - MATERIAL | C96: Quantidade | D96: Unidade | E96: Preço Unitário | G96: Custo Horário Total
A97: 6416040 | B97: Aquisição de brita graduada simples | C97: 1.4 | D97: m³ | E97: =COTAÇÃO!#REF! -> #REF! | G97: =C97*E97 -> #REF!
F98: Custo unitário total de material: | G98: =SUM(G97) -> #REF!
G99: Subtotal: | H99: =G98+H94+H95 -> #REF!
A100: D - ATIVIDADES AUXILIARES | C100: Quantidade | D100: Unidade | E100: Custo Horário | G100: Custo Horário Total
F101: Custo total de atividades auxiliares | G101: 0
F102: Subtotal | G102: =SUM(G101) -> 0
A104: E - TEMPO FIXO | C104: Código | D104: Quantidade | E104: Unidade | F104: Custo Unitário | H104: Custo Unitário
G106: Custo unitário total de tempo fixo: | H106: =SUM(H105:H105) -> 0
A107: F - MOMENTO DE TRANSPORTE | C107: Quantidade | D107: Unidade | E107: DMT | H107: Custo Unitário
E108: LN | F108: RP | G108: P
G110: Custo unitário total de transporte: | H110: =SUM(H109:H109) -> 0
G111: Custo unitário direto total: | H111: =H99 -> #REF!
A112: SISTEMA DE CUSTOS REFERENCIAIS DE OBRAS - SICRO | C112: Santa Catarina | H112: AUXILIAR
A113: Custo Unitário de Referência | C113: 44105 | E113: Produção da equipe: | F113: 84.66 | G113: t
A114: 6416213 | B114: Usinagem de concreto asfáltico com borracha - faixa C - brita comercial | H114: Valores em reais (R$)
A115: A - EQUIPAMENTOS | C115: Quantidade | D115: Utilização | F115: Custo Horário | H115: Custo Horário Total
D116: Operativa | E116: Improdutiva | F116: Produtivo | G116: Improdutivo
A117: E9559 | B117: Aquecedor de fluido térmico - 12 kW | C117: 1 | D117: 1 | E117: 0 | F117: 35.9338 | G117: 18.8391 | H117: =C117*D117*F117+E117*G117 -> 35.9338
...

Sheet COTAÇÃO
B1: ORÇAMENTO E QUADRO DE CONSULTA DE PREÇOS DE MERCADO
B2: =PAVIM.!$G$2 -> PREFEITURA MUNICIPAL DE MARACAJÁ | D2: =PAVIM.!$I$2 -> BAIRRO: ESPIGÃO DA TOCA | F2: =PAVIM.!M2 -> ESTADO: SANTA CATARINA
B3: =PAVIM.!$G$3 -> RODOVIA ANGELINO ACORDI | D3: =PAVIM.!$K$2 -> MUNICIPIO: MARACAJÁ | F3: =PAVIM.!M3 -> DATA: 08/10/26
A5: Equipamento/Material: | B5: Tubo de Concreto simples 0,40m | F5: Unidade: m
A6: Fornecedor Consultado | B6: CNPJ | C6: Data da coleta da Informação | D6: Contato | E6: Telefone | F6: Custo R$
A7: Pré moldados Pagani | B7: 08.372.222/0001-47 | C7: 45149 | D7: Ademir | E7: 3524-1044
A8: Concretubos | B8: 08.982.272/0001-46 | C8: 45149 | D8: Ritieli | E8: 3524-0999 | F8: 49.22
A9: Artevila Ind. e Com. Ltda | B9: 79.937.199/0001-39 | C9: 45149 | D9: Udson | E9: 3432-0272 | F9: 40
A10: KF Artfatos de Cimento | B10: 78.885.548/0001-53 | C10: 45149 | D10: Mª Eduarda | E10: 3463-1138 | F10: 56
A11: Concretos Comelli Ltda | B11: 76.870.914/0001-75 | C11: 45149 | D11: Renan | E11: 3466-1664 | F11: 62
A12: Data-base do Orçamento: | B12: 45149 | D12: Valor adotado (mediana): | F12: =TRUNC(MEDIAN(F7:F11),2) -> 52.61
A14: Equipamento/Material: | B14: Tubo de Concreto simples 0,50m | F14: Unidade: m
A15: Fornecedor Consultado | B15: CNPJ | C15: Data da coleta da Informação | D15: Contato | E15: Telefone | F15: Custo R$
A16: Pré moldados Pagani | B16: 08.372.222/0001-47 | C16: 45149 | D16: Ademir | E16: 3524-1044
A17: Concretubos | B17: 08.982.272/0001-46 | C17: 45149 | D17: Ritieli | E17: 3524-0999 | F17: 71.83
A18: Artevila Ind. e Com. Ltda | B18: 79.937.199/0001-39 | C18: 45149 | D18: Udson | E18: 3432-0272 | F18: 55
A19: KF Artfatos de Cimento | B19: 78.885.548/0001-53 | C19: 45149 | D19: Mª Eduarda | E19: 3463-1138 | F19: 86
A20: Concretos Comelli | B20: 76.870.914/0001-75 | C20: 45149 | D20: Renan | E20: 3466-1664 | F20: 90
A21: Data-base do Orçamento: | B21: 45149 | D21: Valor adotado (mediana): | F21: =TRUNC(MEDIAN(F16:F20),2) -> 78.91
A23: Equipamento/Material: | B23: Tubo de Concreto armado 0,60m | F23: Unidade: m
A24: Fornecedor Consultado | B24: CNPJ | C24: Data da coleta da Informação | D24: Contato | E24: Telefone | F24: Custo R$
A25: Pré moldados Pagani | B25: 08.372.222/0001-47 | C25: 45149 | D25: Ademir | E25: 3524-1044
A26: Concretubos | B26: 08.982.272/0001-46 | C26: 45149 | D26: Ritieli | E26: 3524-0999
A27: Artevila Ind. e Com. Ltda | B27: 79.937.199/0001-39 | C27: 45366 | D27: Udson | E27: 3432-0272 | F27: 150
A28: KF Artfatos de Cimento | B28: 78.885.548/0001-53 | C28: 45366 | D28: Mª Eduarda | E28: 3463-1138 | F28: 213
A29: Concretos Comelli | B29: 76.870.914/0001-75 | C29: 45366 | D29: Renan | E29: 3466-1664 | F29: 180
A30: Data-base do Orçamento: | B30: 45366 | D30: Valor adotado (mediana): | F30: =TRUNC(MEDIAN(F25:F29),2) -> 180
A32: Equipamento/Material: | B32: Tubo de Concreto armado 0,80m | F32: Unidade: m
A33: Fornecedor Consultado | B33: CNPJ | C33: Data da coleta da Informação | D33: Contato | E33: Telefone | F33: Custo R$
A34: Pré moldados Pagani | B34: 08.372.222/0001-47 | C34: 45149 | D34: Ademir | E34: 3524-1044
A35: Concretubos | B35: 08.982.272/0001-46 | C35: 45149 | D35: Ritieli | E35: 3524-0999 | F35: 267.27
A36: Artevila Ind. e Com. Ltda | B36: 79.937.199/0001-39 | C36: 45149 | D36: Udson | E36: 3432-0272 | F36: 225
A37: KF Artfatos de Cimento | B37: 78.885.548/0001-53 | C37: 45149 | D37: Mª Eduarda | E37: 3463-1138 | F37: 265
A38: Concretos Comelli | B38: 76.870.914/0001-75 | C38: 45149 | D38: Renan | E38: 3466-1664 | F38: 280
A39: Data-base do Orçamento: | B39: 45149 | D39: Valor adotado (mediana): | F39: =TRUNC(MEDIAN(F34:F38),2) -> 266.13
A41: Equipamento/Material: | B41: Meio fio - 15cm de largura | F41: Unidade: m
A42: Fornecedor Consultado | B42: CNPJ | C42: Data da coleta da Informação | D42: Contato | E42: Telefone | F42: Custo R$
A43: Pré moldados Pagani | B43: 08.372.222/0001-47 | C43: 44503 | D43: Ademir | E43: 3524-1044 | F43: 22.5
A44: Concretubos | B44: 08.982.272/0001-46 | C44: 44503 | D44: Ritieli | E44: 3524-0999 | F44: 27.84
A45: Artevila Ind. e Com. Ltda | B45: 79.937.199/0001-39 | C45: 44503 | D45: Udson | E45: 3432-0272 | F45: 23
A46: Data-base do Orçamento: | B46: 44503 | D46: Valor adotado (mediana): | F46: =MEDIAN(F43:F45) -> 23
A48: Equipamento/Material: | B48: Tubo de Concreto armado 1,00m | F48: Unidade: m
A49: Fornecedor Consultado | B49: CNPJ | C49: Data da coleta da Informação | D49: Contato | E49: Telefone | F49: Custo R$
A50: Pré moldados Pagani | B50: 08.372.222/0001-47 | C50: 45149 | D50: Ademir | E50: 3524-1044
A51: Concretubos | B51: 08.982.272/0001-46 | C51: 45149 | D51: Ritieli | E51: 3524-0999 | F51: 381.95
A52: Artevila Ind. e Com. Ltda | B52: 79.937.199/0001-39 | C52: 45149 | D52: Udson | E52: 3432-0272 | F52: 285
A53: KF Artfatos de Cimento | B53: 78.885.548/0001-53 | C53: 45149 | D53: Mª Eduarda | E53: 3463-1138 | F53: 405
A54: Concretos Comelli | B54: 76.870.914/0001-75 | C54: 45149 | D54: Renan | E54: 3466-1664 | F54: 380
A55: Data-base do Orçamento: | B55: 45149 | D55: Valor adotado (mediana): | F55: =TRUNC(MEDIAN(F50:F54),2) -> 380.97
A57: Equipamento/Material: | B57: Brita Graduada Simples (BGS) | F57: Unidade: m³
A58: Fornecedor Consultado | B58: CNPJ | C58: Data da coleta da Informação | D58: Contato | E58: Telefone | F58: Custo R$
A59: Miner. Cedro Maracajá | B59: 85.281.889/0004-28 | C59: 46127 | D59: Karen | E59: 3523-0389 | F59: 85
A60: SBM - Mineração Ltda | B60: 14.779.384/0003-69 | C60: 45823 | D60: Patricia | E60: 3523-1008
A61: Britagem Sombrio | B61: 03.894.584/0001-84 | C61: 45823 | D61: Leila | E61: 3533-1027
A62: Areal Maccari | B62: 02.721.573/0001-30 | C62: 46127 | D62: Taffarel | E62: 3434-2498 | F62: 100
A63: Uggioni Britagem | B63: 07.582.277/0001-19 | C63: 46127 | D63: Gabriel | E63: 99866-1509 | F63: 79.23
A64: CR Colomo Retroterra | B64: 81.828.923/0001-38 | C64: 45366 | D64: Nilson | E64: 3438-6666
A65: Data-base do Orçamento: | B65: 46127 | D65: Valor adotado (mediana): | F65: =TRUNC(MEDIAN(F59:F64),2) -> 85
A67: Equipamento/Material: | B67: Pedra Britada N.02 (19 a 38)mm | F67: Unidade: m³
A68: Fornecedor Consultado | B68: CNPJ | C68: Data da coleta da Informação | D68: Contato | E68: Telefone | F68: Custo R$
A69: Miner. Cedro Maracajá | B69: 85.281.889/0004-28 | C69: 45333 | D69: Débora | E69: 3523-0389 | F69: 93
A70: Britagem Sombrio | B70: 03.894.584/0001-84 | C70: 45241 | D70: Dulce Mara | E70: 3533-1027
A71: Jazida Eckert | B71: 02.808.957/0001-94 | C71: 45241 | D71: Jonas | E71: 98867-0176
A72: SBM - Mineração Ltda | B72: 14.779.384/0003-69 | C72: 45241 | D72: Patricia | E72: 3523-1008
A73: Areal Maccari | B73: 02.721.573/0001-30 | C73: 45241 | D73: Taffarel | E73: 3434-2498
A74: Uggioni Britagem | B74: 07.582.277/0001-19 | C74: 45241 | D74: Gabriel | E74: 99866-1509
A75: CR Colomo Retroterra | B75: 81.828.923/0001-38 | C75: 45241 | D75: Nilson | E75: 3438-6666
A76: Data-base do Orçamento: | B76: 44503 | D76: Valor adotado (mediana): | F76: =MEDIAN(F69:F75) -> 93
A78: Equipamento/Material: | B78: Pedra Britada N.01 (9,5 a 19)mm | F78: Unidade: m³
A79: Fornecedor Consultado | B79: CNPJ | C79: Data da coleta da Informação | D79: Contato | E79: Telefone | F79: Custo R$
A80: Miner. Cedro Maracajá | B80: 85.281.889/0004-28 | C80: 45241 | D80: Débora | E80: 3523-0389
A81: Britagem Sombrio | B81: 03.894.584/0001-84 | C81: 45241 | D81: Dulce Mara | E81: 3533-1027
A82: Jazida Eckert | B82: 02.808.957/0001-94 | C82: 45241 | D82: Jonas | E82: 98867-0176
A83: SBM - Mineração Ltda | B83: 14.779.384/0003-69 | C83: 45241 | D83: Patricia | E83: 3523-1008
A84: Areal Maccari | B84: 02.721.573/0001-30 | C84: 45241 | D84: Taffarel | E84: 3434-2498
A85: Uggioni Britagem | B85: 07.582.277/0001-19 | C85: 45241 | D85: Gabriel | E85: 99866-1509
A86: CR Colomo Retroterra | B86: 81.828.923/0001-38 | C86: 45241 | D86: Nilson | E86: 3438-6666
A87: Data-base do Orçamento: | B87: 44503 | D87: Valor adotado (mediana): | F87: =MEDIAN(F80:F86) -> #NUM!
A89: Equipamento/Material: | B89: Pedra Britada N.00 (4,8 a 9,5)mm | F89: Unidade: m³
A90: Fornecedor Consultado | B90: CNPJ | C90: Data da coleta da Informação | D90: Contato | E90: Telefone | F90: Custo R$
A91: Miner. Cedro Maracajá | B91: 85.281.889/0004-28 | C91: 45241 | D91: Débora | E91: 3523-0389
A92: Britagem Sombrio | B92: 03.894.584/0001-84 | C92: 45241 | D92: Dulce Mara | E92: 3533-1027
A93: Jazida Eckert | B93: 02.808.957/0001-94 | C93: 45241 | D93: Jonas | E93: 98867-0176
A94: SBM - Mineração Ltda | B94: 14.779.384/0003-69 | C94: 45241 | D94: Patricia | E94: 3523-1008
A95: Areal Maccari | B95: 02.721.573/0001-30 | C95: 45241 | D95: Taffarel | E95: 3434-2498
A96: Uggioni Britagem | B96: 07.582.277/0001-19 | C96: 45241 | D96: Gabriel | E96: 99866-1509
A97: CR Colomo Retroterra | B97: 81.828.923/0001-38 | C97: 45241 | D97: Nilson | E97: 3438-6666
A98: Data-base do Orçamento: | B98: 44503 | D98: Valor adotado (mediana): | F98: =MEDIAN(F91:F97) -> #NUM!
A100: Equipamento/Material: | B100: Pó de Pedra | F100: Unidade: m³
A101: Fornecedor Consultado | B101: CNPJ | C101: Data da coleta da Informação | D101: Contato | E101: Telefone | F101: Custo R$
A102: Miner. Cedro Maracajá | B102: 85.281.889/0004-28 | C102: 46127 | D102: Débora | E102: 3523-0389 | F102: 86
A103: Britagem Sombrio | B103: 03.894.584/0001-84 | C103: 46127 | D103: Dulce Mara | E103: 3533-1027
A104: Jazida Eckert | B104: 02.808.957/0001-94 | C104: 46127 | D104: Jonas | E104: 98867-0176
A105: SBM - Mineração Ltda | B105: 14.779.384/0003-69 | C105: 46127 | D105: Patricia | E105: 3523-1008
A106: Areal Maccari | B106: 02.721.573/0001-30 | C106: 46127 | D106: Taffarel | E106: 3434-2498 | F106: 100
A107: Uggioni Britagem | B107: 07.582.277/0001-19 | C107: 46127 | D107: Gabriel | E107: 99866-1509 | F107: 80.55
A108: CR Colomo Retroterra | B108: 81.828.923/0001-38 | C108: 45366 | D108: Nilson | E108: 3438-6666
A109: Data-base do Orçamento: | B109: 46127 | D109: Valor adotado (mediana): | F109: =TRUNC(MEDIAN(F102:F108),2) -> 86
A111: Equipamento/Material: | B111: Pedrisco | F111: Unidade: m³
A112: Fornecedor Consultado | B112: CNPJ | C112: Data da coleta da Informação | D112: Contato | E112: Telefone | F112: Custo R$
...

Sheet REAJUSTE
B1: ÍNDICES DE REAJUSTAMENTO DE OBRAS RODOVIÁRIAS
B2: =PAVIM.!$G$2 -> PREFEITURA MUNICIPAL DE MARACAJÁ | C2: =PAVIM.!$I$2 -> BAIRRO: ESPIGÃO DA TOCA | E2: =PAVIM.!$K$2 -> MUNICIPIO: MARACAJÁ
B3: =PAVIM.!$G$3 -> RODOVIA ANGELINO ACORDI | C3: =PAVIM.!$M$2 -> ESTADO: SANTA CATARINA | E3: =PAVIM.!$M$3 -> DATA: 08/10/26
A5: CÓDIGO | B5: DESCRIÇÃO DOS ÍNDICES | C5: 45017 | D5: 45323 | E5: REAJUSTE
A6: TER | B6: TERRAPLENAGEM | C6: 472.85 | D6: =VLOOKUP(B6,G:H,2,FALSE) -> 483.105 | E6: =D6/C6 -> 1.0216876 | G6: TERRAPLENAGEM | H6: 483.105 | I6: 483.105
A7: OAE | B7: OBRAS DE ARTE ESPECIAIS | C7: 473.029 | D7: =VLOOKUP(B7,G:H,2,FALSE) -> 467.395 | E7: =D7/C7 -> 0.98808953 | G7: OBRAS DE ARTE ESPECIAIS | H7: 467.395 | I7: 562.597
A8: SAOAE | B8: SERVIÇOS COM AÇO PARA OBRAS DE ARTE ESPECIAIS | C8: 98.964 | D8: =VLOOKUP(B8,G:H,2,FALSE) -> 97.105 | E8: =D8/C8 -> 0.98121539 | G8: SERVIÇOS COM AÇO PARA OBRAS DE ARTE ESPECIAIS | H8: 97.105 | I8: 417.714
A9: OAE (SA) | B9: OBRAS DE ARTE ESPECIAIS (SEM AÇO) | C9: 466.481 | D9: =VLOOKUP(B9,G:H,2,FALSE) -> 470.416 | E9: =D9/C9 -> 1.0084355 | G9: OBRAS DE ARTE ESPECIAIS (SEM AÇO) | H9: 470.416 | I9: 462.516
A10: PAV | B10: PAVIMENTAÇÃO | C10: 548.765 | D10: =VLOOKUP(B10,G:H,2,FALSE) -> 562.597 | E10: =D10/C10 -> 1.0252057 | G10: PAVIMENTAÇÃO | H10: 562.597 | I10: 450.77
A11: COM | B11: CONSULTORIA (SUPERVISÃO E PROJETOS) | C11: 277.972 | D11: =VLOOKUP(B11,G:H,2,FALSE) -> 288.772 | E11: =D11/C11 -> 1.0388528 | G11: CONSULTORIA (SUPERVISÃO E PROJETOS) | H11: 288.772 | I11: 262.72
A12: DRE | B12: DRENAGEM | C12: 451.496 | D12: =VLOOKUP(B12,G:H,2,FALSE) -> 462.516 | E12: =D12/C12 -> 1.0244077 | G12: DRENAGEM | H12: 462.516 | I12: 97.105
A13: SH | B13: SINALIZAÇÃO HORIZONTAL | C13: 443.559 | D13: =VLOOKUP(B13,G:H,2,FALSE) -> 450.77 | E13: =D13/C13 -> 1.0162571 | G13: SINALIZAÇÃO HORIZONTAL | H13: 450.77 | I13: 470.416
A14: PCCP | B14: PAVIMENTOS CONCRETO CIMENTO PORTLAND | C14: 412.675 | D14: =VLOOKUP(B14,G:H,2,FALSE) -> 417.714 | E14: =D14/C14 -> 1.0122106 | G14: PAVIMENTOS CONCRETO CIMENTO PORTLAND | H14: 417.714 | I14: 116.058
A15: CR | B15: CONSERVAÇÃO RODOVIÁRIA | C15: 411.186 | D15: =VLOOKUP(B15,G:H,2,FALSE) -> 429.318 | E15: =D15/C15 -> 1.0440968 | G15: CONSERVAÇÃO RODOVIÁRIA | H15: 429.318 | I15: 160.249
A16: LB | B16: LIGANTES BETUMINOSOS | C16: 863.498 | D16: =VLOOKUP(B16,G:H,2,FALSE) -> 912.509 | E16: =D16/C16 -> 1.0567587 | G16: LIGANTES BETUMINOSOS | H16: 912.509 | I16: 429.318
A17: IGP | B17: IGP - DI | C17: 1128.805 | D17: =VLOOKUP(B17,G:H,2,FALSE) -> 1098.095 | E17: =D17/C17 -> 0.97279424 | G17: IGP - DI | H17: 1098.095 | I17: 906.289
... A28: OCMA | B28: OBRAS COMPLEMENTARES E MEIO AMBIENTE | C28: 159.239 | D28: =VLOOKUP(B28,G:H,2,FALSE) -> 160.249 | E28: =D28/C28 -> 1.0063427 | G28: OBRAS COMPLEMENTARES E MEIO AMBIENTE | H28: 160.249 | I28: 1098.095
A29: EAM | B29: EMULSÃO ASFÁLTICA MODIFICADA | C29: 146.325 | D29: =VLOOKUP(B29,G:H,2,FALSE) -> 148.09 | E29: =D29/C29 -> 1.0120622 | G29: EMULSÃO ASFÁLTICA MODIFICADA | H29: 148.09
A30: AMP | B30: ASFALTO MODIFICADO POR POLÍMERO | C30: 137.001 | D30: =VLOOKUP(B30,G:H,2,FALSE) -> 134.146 | E30: =D30/C30 -> 0.97916074 | G30: ASFALTO MODIFICADO POR POLÍMERO | H30: 134.146
A31: EAI | B31: EMULSÃO ASFÁLTICA DE IMPRIMAÇÃO | C31: 142.496 | D31: =VLOOKUP(B31,G:H,2,FALSE) -> 140.922 | E31: =D31/C31 -> 0.98895408 | G31: EMULSÃO ASFÁLTICA DE IMPRIMAÇÃO | H31: 140.922
A32: AB | B32: ASFALTO BORRACHA | C32: 144.826 | D32: =VLOOKUP(B32,G:H,2,FALSE) -> 141.793 | E32: =D32/C32 -> 0.97905763 | G32: ASFALTO BORRACHA | H32: 141.793
A33: SPM | B33: SUPERESTRUTURA DE PASSARELAS METÁLICAS | C33: 117.68 | D33: =VLOOKUP(B33,G:H,2,FALSE) -> 116.058 | E33: =D33/C33 -> 0.98621686 | G33: SUPERESTRUTURA DE PASSARELAS METÁLICAS | H33: 116.058

Sheet MAT. BET.
B1: PREÇO MÉDIO MENSAL PONDERADO PRATICADO PELOS DISTRIBUIDORES DE PRODUTOS ASFÁLTICOS (R$/KG)
B2: =[3]PAVIM.!$G$2 -> PREFEITURA MUNICIPAL DE MARACAJÁ | C2: =[3]PAVIM.!$I$2 -> BAIRRO: VILA BEATRIZ | D2: =[3]PAVIM.!$M$2 -> ESTADO: SANTA CATARINA
B3: =[3]PAVIM.!$G$3 -> RUA FLORIANÓPOLIS | C3: =[3]PAVIM.!$K$2 -> MUNICIPIO: MARACAJÁ | D3: =PAVIM.!M3 -> DATA: 08/10/26
A5: Importante: | B5: Quando não houver declaração de venda do produto selecionado, ou quando a declaração de venda do produto ocorrer por menos de 03 (três) distribuidoras, a tabela indicará campo vazio.
A6: Mês | B6: Produto | D6: Estado | E6: Preço
A7: 46113 | B7: EMULSÃO ASFÁLTICA PARA SERVIÇO DE IMPRIMAÇÃO | D7: PR | E7: 2.7792232
A8: 46113 | B8: EMULSÕES ASFÁLTICAS RR-1C | D8: PR | E8: 2.6680162
A9: 46113 | B9: CIMENTOS ASFÁLTICOS CAP-50-70 | D9: PR | E9: 3.7256143
A10: Obs: Deverá ser acrescido o ICMS de 17% e BDI Diferenciado de 15% em relação ao valor do material
A11: Fonte: https://www.gov.br/anp/pt-br/assuntos/precos-e-defesa-da-concorrencia/precos/precos-de-distribuicao-de-produtos-asfalticos
